 Dungeon Crawl Stone Soup version 0.22.0-6-g71bd7aa6b3 (webtiles) character file.

635529 Jannitor the Hoplite (level 26, -2/208 HPs)
             Began as a Vampire Chaos Knight on Aug 13, 2018.
             Was the Champion of Makhleb.
             Slain by a flying skull (3 damage)
             ... on level 3 of the Tomb of the Ancients on Aug 14, 2018.
             The game lasted 04:22:34 (97200 turns).

Jannitor the Hoplite (Vampire Chaos Knight)        Turns: 97200, Time: 04:22:35

Health: -2/208     AC: 27    Str: 20    XL:     26   Next: 91%
Magic:  0/33       EV: 23    Int: 13    God:    Makhleb [******]
Gold:   2559       SH: 28    Dex: 17    Spells: 22/25 levels left

rFire    + + .     SeeInvis +   D - +9 sword of Zonguldrok {reap}
rCold    + + .     Gourm    .   Z - +4 large shield {reflect}
rNeg     + + +     Faith    .   B - +0 pearl dragon scales
rPois    ∞         Spirit   +   (helmet restricted)
rElec    .         Reflect  +   V - +2 cloak of the Thief {+Fog Slay-2 SInv Stlth+}
rCorr    +         Harm     .   I - +2 pair of gloves {Str+3}
MR       ++++.                  (boots unavailable)
Stlth    ++++++....             S - amulet of guardian spirit
HPRegen  0.00/turn              t - ring of resist corrosion
MPRegen  0.23/turn              T - ring "Kiergh" {+Blink rPois rF+}

@: bloodless, non-regenerating, slowed, studying Fire Magic, very slow
A: antennae 1, fangs 3, talons 3, slimy green scales 1, see invisible, dopey 1,
fire resistance 1, magic resistance 2, weak 1, unbreathing, MP-powered wands
}: 4/15 runes: decaying, serpentine, silver, abyssal
a: Bat Form, Minor Destruction, Lesser Servant of Makhleb, Major Destruction,
Greater Servant of Makhleb, Renounce Religion, Evoke Blink, Evoke Fog


You were on level 3 of the Tomb of the Ancients.
You worshipped Makhleb.
Makhleb was exalted by your worship.
You were bloodless.

You visited 11 branches of the dungeon, and saw 51 of its levels.
You visited the Abyss 5 times.
You also visited: Sewer, Ice Cave and Wizlab.

You collected 7775 gold pieces.
You spent 5216 gold pieces at shops.

Inventory:

Hand Weapons
 D - the +9 sword of Zonguldrok (weapon) {reap}
   (You found it in a wizard's laboratory)

   If a monster killed with it leaves a corpse in good enough shape, the corpse
   will be animated as a zombie friendly to the killer.
Missiles
 p - 2 throwing nets (quivered)
Armour
 y - a +2 cloak of magic resistance
 B - +0 pearl dragon scales (worn)
 I - a +2 pair of gloves of strength (worn)
 V - the +2 cloak of the Thief (worn) {+Fog Slay-2 SInv Stlth+}
   (You found it on level 5 of the Vaults)

   It affects your accuracy and damage with ranged weapons and melee attacks
   (-2).
   It lets you see invisible.
   It makes you more stealthy.
 Z - a +4 large shield of reflection (worn)
Jewellery
 o - the ring "Yhed" {rElec EV+3 Slay+2 SInv}
   (You took it off an ironbrand convoker on level 5 of the Vaults)

   [ring of evasion]

   It affects your evasion (+3).
   It affects your accuracy and damage with ranged weapons and melee attacks
   (+2).
   It insulates you from electricity.
   It lets you see invisible.
 t - a ring of resist corrosion (left hand)
 F - the ring of Maateuco {-Tele rPois rF+ Int+4 Dex+4}
   (You took it off a deep elf annihilator on level 5 of the Vaults)

   [ring of poison resistance]

   It affects your intelligence (+4).
   It affects your dexterity (+4).
   It protects you from fire.
   It protects you from poison.
   It prevents most forms of teleportation.
 Q - an uncursed ring of flight
 S - an amulet of guardian spirit (around neck)
 T - the ring "Kiergh" (right hand) {+Blink rPois rF+}
   (You found it on level 2 of the Swamp)

   [ring of protection from fire]

   It protects you from fire.
   It protects you from poison.
   It lets you blink.
 X - the ring "Ygyduy Ereas" {rC+ rN+}
   (You found it on level 2 of the Swamp)

   [ring of positive energy]

   It protects you from cold.
   It protects you from negative energy.
Wands
 a - a wand of paralysis (25)
 g - a wand of digging (27)
 m - a wand of enslavement (18)
 J - a wand of iceblast (17)
 L - a wand of disintegration (28)
 O - a wand of polymorph (50)
Scrolls
 e - 3 scrolls of vulnerability
 h - 19 scrolls of remove curse
 i - 29 scrolls of identify
 k - a scroll of brand weapon
 v - 11 scrolls of fear
 w - 4 scrolls of silence
 x - a scroll of summoning
 M - 6 scrolls of enchant weapon
 U - 3 scrolls of magic mapping
 W - a scroll of torment
Potions
 d - 3 potions of invisibility
 f - 6 potions of magic
 j - a potion of resistance
 l - 4 potions of mutation
 u - 12 potions of lignification
 K - 4 potions of brilliance
 N - 13 potions of flight
Books
 r - a manual of Fire Magic
Miscellaneous
 c - a phial of floods
 n - a sack of spiders
 s - a lamp of fire (inert)
 z - a lightning rod (4/4)
 G - a phantom mirror
 R - a fan of gales
 Y - 3 boxes of beasts


   Skills:
 - Level 17.1 Fighting
 - Level 18.4 Long Blades
 - Level 16.7 Armour
 - Level 19.7 Dodging
 - Level 10.8 Stealth
 - Level 23.6 Shields
 + Level 6.3 Invocations
 - Level 13.8 Evocations


You had 22 spell levels left.
You knew the following spells:

 Your Spells              Type           Power        Failure   Level  Hunger
a - Summon Butterflies    Summ           #.......     65%         1    ##.....
b - Blink                 Tloc           N/A          78%         2    ###....

Your spell library contained the following spells:

 Spells                   Type           Power        Failure   Level  Hunger
 Cause Fear               Hex            #.........   100%        4    #####..
 Magic Dart               Conj           #...         65%         1    ##.....
 Fireball                 Conj/Fire      #.........   100%        5    ######.
 Conjure Flame            Conj/Fire      #.......     95%         3    ####...
 Bolt of Fire             Conj/Fire      #.........   100%        6    #######
 Bolt of Cold             Conj/Ice       #.........   100%        6    #######
 Lightning Bolt           Conj/Air       #.........   100%        5    ######.
 Bolt of Magma            Conj/Fire/Erth #.........   100%        5    ######.
 Confuse                  Hex            #.......     95%         3    ####...
 Invisibility             Hex            #.......     100%        6    #######
 Freezing Cloud           Conj/Ice/Air   #.........   100%        6    #######
 Mephitic Cloud           Conj/Pois/Air  #.......     95%         3    ####...
 Ring of Flames           Chrm/Fire      #.........   100%        7    #######
 Venom Bolt               Conj/Pois      #.........   100%        5    ######.
 Olgreb's Toxic Radiance  Pois           #.......     100%        4    #####..
 Teleport Other           Tloc           #.......     95%         3    ####...
 Death's Door             Chrm/Necr      #.........   100%        8    #######
 Bolt of Draining         Conj/Necr      #.........   100%        5    ######.
 Iskenderun's Mystic Bla  Conj           #.......     100%        4    #####..
 Summon Horrible Things   Summ           #.........   100%        8    #######
 Animate Dead             Necr           N/A          100%        4    #####..
 Pain                     Necr           #...         65%         1    ##.....
 Animate Skeleton         Necr           N/A          65%         1    ##.....
 Vampiric Draining        Necr           #.........   95%         3    ####...
 Haunt                    Necr/Summ      #.........   100%        7    #######
 Borgnjor's Revivificati  Necr           #.........   100%        8    #######
 Ozocubu's Refrigeration  Ice            #.........   100%        6    #######
 Summon Ice Beast         Ice/Summ       #.......     100%        4    #####..
 Regeneration             Chrm/Necr      #.........   95%         3    ####...
 Sting                    Conj/Pois      #...         65%         1    ##.....
 Tukima's Dance           Hex            #.......     95%         3    ####...
 Summon Greater Demon     Summ           #.........   100%        7    #######
 Corpse Rot               Necr           N/A          78%         2    ###....
 Iron Shot                Conj/Erth      #.........   100%        6    #######
 Stone Arrow              Conj/Erth      #.....       95%         3    ####...
 Shock                    Conj/Air       #...         65%         1    ##.....
 Swiftness                Chrm/Air       #.......     78%         2    ###....
 Recall                   Summ/Tloc      N/A          95%         3    ####...
 Spider Form              Tmut/Pois      #.........   95%         3    ####...
 Blade Hands              Tmut           #.........   100%        5    ######.
 Statue Form              Tmut/Erth      #........    100%        6    #######
 Ice Form                 Ice/Tmut       #.......     100%        4    #####..
 Dragon Form              Tmut           #.........   100%        7    #######
 Necromutation            Tmut/Necr      #.........   100%        8    #######
 Death Channel            Necr           #.........   100%        6    #######
 Deflect Missiles         Chrm/Air       #.........   100%        6    #######
 Airstrike                Air            #.........   100%        4    #####..
 Flame Tongue             Conj/Fire      #....        65%         1    ##.....
 Passwall                 Tmut/Erth      #.......     78%         2    ###....
 Ignite Poison            Fire/Tmut/Pois #.......     95%         3    ####...
 Sticks to Snakes         Tmut           #.......     78%         2    ###....
 Call Canine Familiar     Summ           #.......     95%         3    ####...
 Ensorcelled Hibernation  Hex/Ice        #.....       78%         2    ###....
 Metabolic Englaciation   Hex/Ice        #.........   100%        5    ######.
 Silence                  Hex/Air        #.........   100%        5    ######.
 Shatter                  Erth           #.........   100%        9    #######
 Dispersal                Tloc           #.........   100%        6    #######
 Static Discharge         Conj/Air       #.......     95%         3    ####...
 Corona                   Hex            #......      65%         1    ##.....
 Lee's Rapid Deconstruct  Erth           #.........   100%        5    ######.
 Sandblast                Erth           #.....       65%         1    ##.....
 Simulacrum               Ice/Necr       #.........   100%        6    #######
 Conjure Ball Lightning   Conj/Air       #.........   100%        6    #######
 Excruciating Wounds      Chrm/Necr      #.........   100%        5    ######.
 Monstrous Menagerie      Summ           #.........   100%        7    #######
 Petrify                  Tmut/Erth      #.......     100%        4    #####..
 Passage of Golubria      Tloc           N/A          100%        4    #####..
 Malign Gateway           Summ/Tloc      #.........   100%        7    #######
 Tornado                  Air            #.........   100%        9    #######
 Leda's Liquefaction      Hex/Erth       #.........   100%        4    #####..
 Summon Hydra             Summ           #.........   100%        7    #######
 Darkness                 Hex            #.........   100%        6    #######
 Shroud of Golubria       Chrm/Tloc      #.........   78%         2    ###....
 Aura of Abjuration       Summ           #.........   100%        5    ######.
 Beastly Appendage        Tmut           #.....       65%         1    ##.....
 Fulminant Prism          Conj/Hex       #.........   100%        4    #####..
 Dazzling Spray           Conj/Hex       #.....       95%         3    ####...
 Force Lance              Conj/Tloc      #.......     100%        4    #####..
 Infusion                 Chrm           #...         65%         1    ##.....
 Song of Slaying          Chrm           #.......     78%         2    ###....
 Spectral Weapon          Hex/Chrm       #.......     95%         3    ####...
 Searing Ray              Conj           #.....       78%         2    ###....
 Summon Forest            Summ/Tloc      #.........   100%        5    ######.
 Summon Lightning Spire   Summ/Air       #.......     100%        4    #####..
 Dragon's Call            Summ           #.........   100%        9    #######
 Summon Mana Viper        Hex/Summ       #.......     100%        5    ######.
 Hydra Form               Tmut           #.........   100%        6    #######
 Irradiate                Conj/Tmut      #.........   100%        5    ######.
 Gell's Gravitas          Tloc           #.........   95%         3    ####...
 Yara's Violent Unravell  Hex/Tmut       #.........   100%        5    ######.
 Infestation              Necr           #.........   100%        8    #######
 Lesser Beckoning         Tloc           #.........   95%         3    ####...
 Poisonous Vapours        Pois/Air       #.....       78%         2    ###....
 Ignition                 Fire           #.........   100%        8    #######
 Borgnjor's Vile Clutch   Necr/Erth      #.........   100%        5    ######.


Dungeon Overview and Level Annotations

Branches:
Dungeon (15/15)            Temple (1/1) D:6            Lair (6/6) D:9
  Swamp (4/4) Lair:2        Snake (4/4) Lair:4        Slime (5/5) Lair:6
    Orc (2/2) D:12            Elf (3/3) Orc:2        Vaults (5/5) D:13
  Crypt (3/3) Vaults:2       Tomb (3/3) Crypt:3      Depths (0/5) D:15

Altars:
Ashenzari
Cheibriados
Dithmenos
Elyvilon
Fedhas
Gozag
Hepliaklqana
Kikubaaqudgha
Makhleb
Nemelex Xobeh
Okawaru
Qazlal
Ru
Sif Muna
Trog
Uskayaw
Vehumet
Wu Jian
Xom
Yredelemnul
Zin
The Shining One
Beogh
Jiyva

Shops:
D:11 %   Orc:2 [![[(   Elf:1 *   Snake:1 *   Vaults:4 !

Annotations:
Slime:4 exclusion: acid blob
Slime:5 Royal Jelly
Elf:2 1 runed door
Vaults:2 2 runed doors, Jiud's ghost, adept MiBe
Crypt:2 1 transporter


Innate Abilities, Weirdness & Mutations

You do not heal naturally.
You are immune to poison.
You have razor-sharp teeth.
You have supernaturally acute eyesight. (SInv)
You can survive without breathing.
You have a pair of small antennae on your head.
You have claws for feet.
You are partially covered in slimy green scales. (AC +2)
You are dopey. (Int -2)
Your flesh is heat resistant. (rF+)
You are highly resistant to hostile enchantments. (MR++)
You are weak. (Str -2)
You expend magic power (3 MP) to strengthen your wands.


Message History

You block the shadow wraith's attack.
The mummy priest prays to its god.
The shadow closely misses you. The flying skull misses you.
You riposte.
You hit the flying skull but do no damage.
Your kick misses the flying skull.
The flying skull is lightly damaged.
The flayed ghost barely misses you.
You hear a hideous shriek!
You barely miss the mummy priest.
The mummy priest is heavily damaged.
You block the flying skull's attack. x2; You block the shadow wraith's attack.
The ushabti shakes and rattles deafeningly!
The shadow completely misses you.
You riposte.
You slice the shadow!!
You destroy the shadow!
You block the mummy priest's attack. The flayed ghost misses you.
You riposte.
You slice the flayed ghost!! You claw the flayed ghost!
The flayed ghost is moderately damaged.
The orange demon completely misses you. The flying skull hits you.
You die...
Xom howls with laughter!

,,,,,,,,,,,,,,,#M.MM.M#,,,,,,,,,,
,,,,,,,,,,,,,,*#MWV..!#*,,,,,,,,,
,,,,,,,,,,,,,,##..zzZ8##,,,,,,,,,
,,,,,,,,,,,,,##§§W§§§§.##,,,,,,,,
*,,,,,,,,,,<##.§§§§48.%.##<,,,,,,
*,,,,,,,,,,##§..§§Z48....#*,,,,,,
***,,,,,,,##...MzM4§M.....**,,,,,
***,,,,*#...§.zW8.......,**,,,,
*****+***#.....@M........,****+*
**,,,,,,*#......zW........,,**,,,
*,,,,,,**#......4.........,,***,,
,,,******#...§.W.........[,,*****
,,** *..........#......,,,* ,,*
**.%........#......,,,** ,,*
*,.........###....,,,,,* ,,*
**,.........# *,..,,,,,,** ,,*
**,,,,,,,,,,** **,,,,,,,,,**


You could see 4 mummy priests, a flayed ghost, a shadow wraith (invisible), an
orange demon, a phantasmal warrior, 3 ushabtiu, an ice devil, 2 rust devils, 2
flying skulls, a wight and a fire giant skeleton.

Vanquished Creatures
  7 ancient liches
  Mara (Tomb:2)
  Sojobo (Crypt:2)
  27 greater mummies
  the Lernaean hydra (Swamp:4)
  Saint Roka (Orc:2)
  A bone dragon (Vaults:2)
  Nikola (Swamp:4)
  An Ice Fiend (IceCv)
  2 tentacled monstrosities
  6 liches
  4 deep elf blademasters (Elf:3)
  A quicksilver dragon (Vaults:5)
  A deep elf master archer (Elf:3)
  4 titans (Vaults:5)
  The ghost of Silim the Executioner, an adept MiBe of Trog (Snake:2)
  23 acid blobs
  6 tentacled starspawn
  3 thorn hunters (Swamp:4)
  Kirke (Snake:2)
  7 sphinxes
  8 ancient champions
  4 shadow dragons (Vaults:5)
  5 tengu reavers
  A storm dragon (Vaults:5)
  7 revenants
  5 fire giants
  6 nagarajas
  An iron dragon (Vaults:5)
  18 azure jellies
  4 frost giants
  A balrug (Abyss:5)
  Louise (D:15)
  12 vault wardens
  6 deep elf sorcerers
  16 ironheart preservers
  6 ghouls (Crypt:2)
  3 deep elf elementalists
  2 curse skulls
  7 stone giants
  5 very ugly things
  An entropy weaver (Vaults:2)
  6 bennus
  7 war gargoyles
  2 vampire knights (Crypt:3)
  Nessos (Lair:4)
  5 deep elf demonologists
  A spark wasp (Swamp:3)
  10 deep elf annihilators
  2 minotaurs (shapeshifter)
  11 deep elf death magi
  A minotaur (Lair:1)
  Azrael (D:14)
  Snorg (D:10)
  An ettin (shapeshifter) (Vaults:4)
  24 mummy priests
  A green death (Abyss:4)
  2 ettins (Vaults:5)
  Josephine (Lair:5)
  6 eidola
  The ghost of Qynt the Fighter, a journeyman CeEE of Okawaru (Lair:1)
  8 jiangshi
  8 death oozes
  8 yaktaur captains
  3 fire dragons
  11 naga warriors
  10 great orbs of eyes
  5 rakshasas
  7 ice dragons
  The ghost of Footeic the Cleaver, a journeyman DsGl of Makhleb (Orc:1)
  22 hydras
  7 deep elf high priests
  Erolcha (Orc:2)
  37 vault guards
  A catoblepas (Lair:6)
  3 ghost crabs
  15 anacondas
  2 death knights
  An anaconda (shapeshifter) (Vaults:3)
  10 centaur warriors
  27 dancing weapons
  Erica (D:8)
  9 alligators
  7 death yaks (Lair:6)
  14 death scarabs (Tomb:1)
  2 tengu warriors (D:13)
  25 two-headed ogres
  A deep troll shaman (Vaults:5)
  5 vampire magi
  Urug (Orc:1)
  12 ogre magi
  2 deep troll earth magi
  A sun demon (Abyss:5)
  7 shock serpents
  3 orc high priests
  15 thrashing horrors
  9 naga sharpshooters
  8 wretched stars
  4 salamander mystics (Snake:4)
  A storm dragon zombie (Crypt:3)
  3 soul eaters
  A storm dragon skeleton (Crypt:3)
  23 deep elf knights
  The ghost of IcyTea the Carver, a novice DrCK of Nemelex Xobeh (D:8)
  28 skeletal warriors
  A titan skeleton (Vaults:5)
  2 unseen horrors
  8 shadow wraiths
  10 flayed ghosts (Crypt:3)
  An unseen horror (shapeshifter) (Vaults:3)
  A shadow demon (Abyss:4)
  3 spatial maelstroms
  16 deep trolls
  14 deep elf archers
  3 glowing orange brains
  3 lindwurms
  3 wizards
  An anaconda zombie (Crypt:2)
  14 phantasmal warriors
  9 naga ritualists
  3 shambling mangroves
  10 swamp dragons
  An anaconda skeleton (Tomb:2)
  A shadow dragon zombie (Crypt:3)
  13 ironbrand convokers
  11 orc knights
  2 wolf spider zombies
  An orb spider (shapeshifter) (Vaults:4)
  A harpy (shapeshifter) (Vaults:3)
  3 necromancers
  3 wolf spiders
  7 shining eyes
  2 orc sorcerers
  A fire giant zombie (Crypt:2)
  61 deep elf magi
  6 cyclopes
  2 manticores (D:15)
  11 mana vipers
  A salamander (shapeshifter) (D:15)
  7 salamanders
  A moth of wrath (Snake:1)
  15 elephants (Lair:6)
  35 ugly things
  2 stone giant zombies (Vaults:1)
  A tengu skeleton (D:15)
  2 worldbinders
  A sphinx skeleton (Vaults:1)
  An iron dragon skeleton (Tomb:3)
  16 vault sentinels
  A guardian serpent (shapeshifter) (Vaults:4)
  9 guardian serpents
  A stone giant skeleton (D:15)
  36 black mambas
  A torpor snail (Lair:6)
  6 smoke demons
  A human skeleton (Vaults:5)
  23 naga magi
  6 fire giant skeletons (Crypt:3)
  A water nymph (Vaults:3)
  A black mamba (shapeshifter) (Vaults:3)
  2 molten gargoyles (Lair:6)
  5 eyes of devastation
  An ice statue (IceCv)
  5 gargoyles
  A rime drake (Lair:1)
  26 spiny frogs
  3 kobold demonologists (D:12)
  An efreet (Abyss:3)
  An orange demon (Abyss:3)
  A grey draconian zombie (Crypt:1)
  A yaktaur zombie (Vaults:1)
  A black draconian zombie (Crypt:1)
  A dire elephant skeleton (Crypt:3)
  A human zombie (Vaults:5)
  25 yaktaurs
  17 freezing wraiths
  2 golden dragon simulacra (IceCv)
  2 ancient zymes (Abyss:4)
  8 anaconda simulacra (IceCv)
  A spriggan skeleton (D:15)
  2 hellwings
  5 ice devils (IceCv)
  8 komodo dragons
  A jumping spider (shapeshifter) (Elf:3)
  39 guardian mummies
  A red devil (Abyss:5)
  A tengu conjurer (D:13)
  A polar bear (Lair:5)
  A queen bee (Snake:4)
  5 meliai (Abyss:4)
  6 trolls
  A meliai (shapeshifter) (Vaults:1)
  A harpy skeleton (Tomb:2)
  9 tyrant leeches
  12 hornets
  A wind drake (D:9)
  103 slime creatures
  3 dream sheep (Lair:5)
  24 raiju
  A blink frog (Abyss:4)
  A blink frog (shapeshifter) (Elf:1)
  A jumping spider zombie (Crypt:1)
  A fire dragon zombie (Crypt:2)
  A spriggan zombie (D:15)
  A wind drake (shapeshifter) (Elf:2)
  9 bog bodies
  13 hippogriffs
  A satyr skeleton (Crypt:1)
  12 fire dragon skeletons
  4 spriggans
  A spriggan (shapeshifter) (Vaults:5)
  3 starcursed masses (Abyss:3)
  2 ice dragon skeletons
  2 air elementals
  15 flying skulls
  A redback (shapeshifter) (Vaults:3)
  16 wraiths
  A dire elephant simulacrum (IceCv)
  4 water elementals
  Eustachio (D:4)
  5 ynoxinuls
  12 vampires
  5 shadows
  2 yaks (shapeshifter)
  54 yaks
  8 wyverns
  9 fire elementals
  A hog (Snake:2)
  A basilisk (shapeshifter) (Vaults:4)
  Grum (D:8)
  A fire bat (D:4)
  10 golden eyes
  2 chaos spawn
  17 ushabtiu
  4 basilisks
  A human (Lair:6)
  10 vampire mosquitoes
  3 hungry ghosts
  5 neqoxecs
  Menkaure (D:4)
  19 swamp worms
  2 harpy simulacra (IceCv)
  An infernal demonspawn zombie (Tomb:1)
  6 wargs
  17 large abominations
  3 spatial vortices
  7 insubstantial wisps
  4 acid dragons
  45 nagas
  4 two-headed ogre zombies (WizLab)
  An infernal demonspawn skeleton (Crypt:1)
  An iron troll simulacrum (IceCv)
  4 soldier ants
  10 water moccasins
  6 hell hounds
  11 porcupines
  A merfolk skeleton (Crypt:1)
  2 floating eyes (shapeshifter) (Vaults:5)
  A floating eye (Slime:4)
  4 hydra simulacra (IceCv)
  52 orc warriors
  An alligator simulacrum (IceCv)
  17 swamp drakes
  6 sky beasts
  8 necrophages
  2 eyes of draining (shapeshifter)
  4 ice beasts
  2 ettin simulacra
  22 ogres
  A snapping turtle zombie (Crypt:3)
  3 black bears (D:9)
  2 phantoms (D:8)
  17 centaurs
  5 eyes of draining
  13 wolves
  An elephant skeleton (Crypt:2)
  An elf skeleton (Vaults:5)
  A lindwurm skeleton (Crypt:2)
  9 crocodiles
  A big kobold (shapeshifter) (Vaults:5)
  7 big kobolds
  23 bullfrogs
  3 earth elementals
  A salamander skeleton (Crypt:1)
  10 small abominations
  A scorpion (shapeshifter) (D:5)
  6 troll zombies (WizLab)
  6 scorpions
  12 killer bees
  A swamp dragon simulacrum (IceCv)
  A human simulacrum (Vaults:3)
  31 wights
  3 howler monkeys
  2 crimson imps
  4 lava snakes (Lair:6)
  8 centaur zombies
  2 draconian simulacra (IceCv)
  4 quasits
  4 centaur skeletons
  7 hounds
  4 jellies
  2 bullfrog zombies
  17 orc priests
  2 iron imps (Abyss:3)
  25 orc wizards
  3 bullfrog skeletons
  Ijyb (D:3)
  6 iguanas
  A polar bear simulacrum (IceCv)
  2 spriggan simulacra (IceCv)
  4 troll simulacra (IceCv)
  10 worker ants
  3 ogre zombies (WizLab)
  A tengu zombie (Crypt:2)
  3 centaur simulacra (IceCv)
  2 hound skeletons
  28 mummies
  2 howler monkey zombies
  2 worker ant zombies
  9 gnolls
  2 naga simulacra (IceCv)
  14 adders
  An ogre simulacrum (IceCv)
  A river rat (D:4)
  6 shadow imps
  8 white imps
  5 ufetubi (IceCv)
  13 oozes
  8 worms
  A dart slug (D:2)
  7 leopard geckos (Sewer)
  101 orcs
  9 ball pythons
  9 bats
  12 giant cockroaches
  8 goblins
  7 hobgoblins
  35 kobolds
  5 quokkas
  A dart slug zombie (Crypt:1)
  12 frilled lizards
  2 giant cockroach zombies
  A jackal zombie (D:7)
  A quokka skeleton (D:6)
  7 rats
  A spectral orc (D:9)
  A briar patch (Swamp:4)
  7 starspawn tentacles
  A withered plant (Crypt:3)
2507 creatures vanquished.

Vanquished Creatures (collateral kills)
  3 greater mummies (Tomb:1)
  2 liches
  A deep elf master archer (Elf:3)
  2 titans (Vaults:5)
  A sphinx (Vaults:5)
  3 acid blobs
  An ancient champion (Tomb:2)
  A shadow dragon (Vaults:5)
  A nagaraja (Snake:4)
  A vault warden (Vaults:5)
  A stone giant (Vaults:4)
  2 bennus
  3 ettins
  A ghost crab (Swamp:3)
  An anaconda (Snake:4)
  3 hydras
  6 death scarabs (Tomb:1)
  2 naga sharpshooters (Snake:4)
  A fire crab (Lair:5)
  A skeletal warrior (Tomb:1)
  An ironbrand convoker (Vaults:3)
  2 lindwurms (Snake:4)
  An orc knight (Vaults:5)
  A mana viper (Snake:4)
  A necromancer (Vaults:3)
  An ugly thing (Swamp:3)
  2 guardian serpents (Snake:4)
  2 naga magi (Snake:4)
  A human skeleton (Vaults:5)
  3 black mambas
  4 yaktaurs
  A slime creature (Slime:5)
  4 flying skulls (Tomb:1)
  A basilisk (Lair:6)
  A hungry ghost (D:13)
  3 yaks
  2 nagas (Snake:4)
  A water moccasin (Lair:1)
  3 orc warriors
  4 wolves (Lair:5)
  A boggart (Vaults:3)
  2 bullfrogs (D:9)
  A lava snake (Lair:6)
  2 mummies (Tomb:1)
  An orc (D:7)
  A plant (Lair:5)
84 creatures vanquished.

Vanquished Creatures (others)
  An ironheart preserver (Vaults:4)
  An ettin (Vaults:5)
  A yaktaur captain (Vaults:5)
  A deep elf high priest (Vaults:5)
  An anaconda (Snake:4)
  2 dancing weapons
  2 deep elf knights (Elf:1)
  3 skeletal warriors
  A deep elf mage (Vaults:4)
  A stone giant zombie (Tomb:2)
  A naga mage (Snake:4)
  A spiny frog (Swamp:2)
  A yaktaur (Vaults:4)
  2 large abominations (Abyss:4)
  A hornet (Swamp:2)
  11 flying skulls
  A spriggan (Swamp:2)
  An ettin skeleton (Tomb:2)
  A wyvern (Lair:6)
  A human (Snake:2)
  A swamp drake (Swamp:2)
  A bullfrog (D:6)
  An orc wizard (Elf:1)
  3 mummies (Tomb:2)
  3 ball lightnings
  3 orcs
  A quokka skeleton (Crypt:2)
  A briar patch (Swamp:4)
  A crawling corpse (Elf:1)
  13 fungi
  6 plants
  18 starspawn tentacles
  4 withered plants
91 creatures vanquished.

Grand Total: 2682 creatures vanquished

Notes
Turn   | Place    | Note
-------+----------+-------------------------------------------
     0 | D:1      | Jannitor the Vampire Chaos Knight began the quest for the Orb.
     0 | D:1      | Reached XP level 1. HP: 17/17 MP: 1/1
     2 | D:1      | Noticed an ogre
     2 | D:1      | Noticed a felid
     4 | D:1      | Noticed a formicid
     4 | D:1      | Noticed an octopode
     6 | D:1      | Noticed a spriggan
     6 | D:1      | Noticed a demigod
     8 | D:1      | Noticed a gargoyle
    10 | D:1      | Noticed a dwarf
    12 | D:1      | Noticed a naga
    14 | D:1      | Noticed a tengu
    14 | D:1      | Noticed a centaur
    16 | D:1      | Noticed a human
    16 | D:1      | Noticed a troll
    18 | D:1      | Noticed a minotaur
    18 | D:1      | Noticed a ghoul
    20 | D:1      | Noticed a demonspawn
    22 | D:1      | Noticed an elf
    22 | D:1      | Noticed a vampire
    24 | D:1      | Noticed a halfling
    24 | D:1      | Noticed a vine stalker
    26 | D:1      | Noticed a draconian
    26 | D:1      | Noticed a merfolk
    68 | D:1      | Reached XP level 2. HP: 23/23 MP: 2/2
   420 | D:1      | Reached XP level 3. HP: 27/29 MP: 3/3
   452 | D:1      | XOM: harmless Tmut miscast
   598 | D:2      | XOM: smoke on damage
   660 | D:2      | XOM: silly message
   885 | D:2      | XOM: divination: magic mapping
   963 | D:2      | Reached XP level 4. HP: 32/35 MP: 4/4
   970 | D:2      | XOM: butterfly on damage
  1039 | D:2      | XOM: mild Tmut miscast
  1225 | D:3      | XOM: harmless Erth miscast
  1300 | D:3      | Found a shattered altar of Ashenzari.
  1304 | D:3      | Saw a vision of the Swamp and the Snake Pit.
  1304 | D:3      | Noticed a naga warrior
  1304 | D:3      | Noticed a black mamba
  1304 | D:3      | Noticed a black mamba
  1304 | D:3      | Noticed a naga mage
  1304 | D:3      | Noticed an anaconda
  1304 | D:3      | Noticed a black mamba
  1304 | D:3      | Noticed a naga
  1304 | D:3      | Noticed a naga
  1304 | D:3      | Noticed a naga
  1305 | D:3      | Noticed a swamp drake
  1306 | D:3      | Noticed a naga sharpshooter
  1307 | D:3      | Noticed a water moccasin
  1307 | D:3      | Noticed a swamp drake
  1559 | D:3      | Noticed Ijyb
  1568 | D:3      | XOM: harmless Chrm miscast
  1606 | D:3      | Killed Ijyb
  1790 | D:3      | Reached XP level 5. HP: 42/42 MP: 5/5
  2097 | D:4      | Noticed Duvessa
  2097 | D:4      | Noticed Dowan
  2100 | D:4      | Noticed Dowan
  2100 | D:4      | Dowan changed into Dowan the ooze
  2102 | D:4      | Noticed Duvessa
  2102 | D:4      | Duvessa changed into Duvessa the fire bat
  2106 | D:4      | XOM: confuse monster(s)
  2108 | D:3      | XOM: harmless Summ miscast
  2170 | D:4      | Noticed Menkaure
  2182 | D:4      | Killed Menkaure
  2182 | D:4      | Reached XP level 6. HP: 41/48 MP: 6/6
  2312 | D:4      | Found a glowing drain.
  2319 | Sewer    | Entered a sewer
  2578 | Sewer    | XOM: silly message
  2720 | Sewer    | Reached skill level 5 in Long Blades
  2737 | Sewer    | Reached skill level 5 in Dodging
  2737 | Sewer    | Reached XP level 7. HP: 48/55 MP: 7/7
  2837 | D:4      | XOM: harmless Tloc miscast
  2840 | D:4      | Killed Dowan the ooze
  2932 | D:4      | Killed Duvessa the fire bat
  2932 | D:4      | Reached skill level 5 in Fighting
  3142 | D:4      | XOM: noise
  3204 | D:4      | Reached skill level 1 in Armour
  3351 | D:4      | Noticed Eustachio
  3439 | D:5      | Entered Level 5 of the Dungeon
  3473 | D:5      | XOM: silly message
  3564 | D:5      | XOM: god gift: 8 needles of confusion
  3705 | D:5      | Found a deep blue altar of Sif Muna.
  3776 | D:5      | XOM: polymorph iguana -> scorpion
  4335 | D:6      | XOM: smoke on damage
  4340 | D:6      | Reached XP level 8. HP: 43/63 MP: 4/8
  4377 | D:6      | XOM: 1-stop teleportation journey
  4545 | D:6      | XOM: summons 4 hostile demons
  4554 | D:6      | XOM: polymorph quasit -> shadow imp
  4556 | D:6      | XOM: blink monster(s)
  4558 | D:6      | XOM: god gift: glowing hand axe {god gift}
  4568 | D:6      | Noticed Prince Ribbit
  4571 | D:6      | XOM: confuse monster(s)
  4646 | D:6      | Noticed Prince Ribbit
  4646 | D:6      | Prince Ribbit changed into Prince Ribbit the porcupine
  4728 | D:7      | XOM: divination: detect items
  4730 | D:6      | XOM: confuse monster(s)
  4751 | D:6      | XOM: destruction
  4757 | D:6      | XOM: cleaving
  4761 | D:6      | Killed Prince Ribbit the porcupine
  4787 | D:6      | XOM: scenery: create altars
  4957 | D:6      | Found a staircase to the Ecumenical Temple.
  4966 | Temple   | Entered the Ecumenical Temple
  5100 | Temple   | XOM: divination: magic mapping
  5170 | D:6      | XOM: divination: magic mapping
  5194 | D:6      | XOM: scenery: create altars
  5287 | D:6      | XOM: divine lightning
  5329 | D:6      | XOM: cloud trail
  5518 | D:6      | Found a snail-covered altar of Cheibriados.
  5523 | D:6      | Found a bloodstained altar of Trog.
  5526 | D:6      | Found a sparkling altar of Nemelex Xobeh.
  5599 | D:7      | XOM: cleaving
  5688 | D:7      | Noticed a hippogriff
  5694 | D:7      | XOM: enchant monster (good)
  5711 | D:7      | Killed a hippogriff
  5784 | D:7      | XOM: cloud trail
  5790 | D:7      | XOM: smoke on damage
  5807 | D:7      | XOM: summons 7 friendly demons
  6667 | D:8      | XOM: cleaving
  6714 | D:8      | Reached XP level 9. HP: 68/71 MP: 7/9
  6737 | D:8      | XOM: give mutations
  6737 | D:8      | Gained mutation: Armour fits poorly on your strangely shaped body. [Xom's mischief]
  6737 | D:8      | Gained mutation: You are clumsy. (Dex -2) [Xom's mischief]
  6737 | D:8      | Gained mutation: You are frail. (-10% HP) [Xom's mischief]
  6751 | D:8      | XOM: 4-stop teleportation journey
  6767 | D:8      | Reached XP level 10. HP: 62/73 MP: 7/10
  6866 | D:8      | Reached skill level 1 in Evocations
  6937 | D:8      | XOM: medium Hex miscast
  7207 | D:8      | XOM: harmless Tmut miscast
  7228 | D:8      | XOM: summons friendly crimson imp
  7247 | D:7      | XOM: confusion
  7302 | D:8      | XOM: cleaving
  7393 | D:7      | XOM: harmless Tloc miscast
  7461 | D:8      | XOM: cast spell 'Alistair's Intoxication'
  7488 | D:8      | Noticed a six-headed hydra
  7563 | D:9      | XOM: summons friendly white imp
  7861 | D:9      | XOM: potion effect (might)
  7873 | D:9      | Reached skill level 10 in Dodging
  7942 | D:9      | XOM: enchant monster (good)
  7943 | D:9      | XOM: polymorph yak -> wind drake
  7975 | D:9      | Found a staircase to the Lair.
  8018 | D:9      | XOM: give mutations
  8018 | D:9      | Gained mutation: You are partially covered in large bone plates. (SH +4) [Xom's grace]
  8018 | D:9      | Gained mutation: You are partially covered in yellow scales. (AC +2) [Xom's grace]
  8235 | D:9      | XOM: summons 3 friendly demons
  8503 | D:9      | XOM: god gift: 22 gold pieces
  8517 | D:9      | XOM: divination: detect items
  8545 | D:9      | Found a basalt altar of Yredelemnul.
  8710 | D:9      | XOM: scenery: 1 doors close
  8792 | Lair:1   | Entered Level 1 of the Lair of Beasts
  8806 | Lair:1   | XOM: cast spell 'Monstrous Menagerie'
  8870 | Lair:1   | Noticed a spiny frog
  8875 | Lair:1   | XOM: summons 10 friendly demons
  8879 | Lair:1   | Killed a spiny frog
  8879 | Lair:1   | Reached XP level 11. HP: 65/80 MP: 9/13
  8981 | Lair:1   | XOM: scenery: create altars
  9124 | Lair:1   | Noticed a minotaur
  9124 | Lair:1   | Noticed Qynt's ghost (journeyman CeEE)
  9157 | Lair:1   | Found a runed gate.
  9157 | Lair:1   | Found a runed gate.
  9157 | Lair:1   | Found a runed gate.
  9181 | Lair:1   | XOM: divination: detect creatures
  9269 | Lair:1   | XOM: potion effect (berserk rage)
  9390 | Lair:1   | XOM: harmless Erth miscast
  9671 | Lair:1   | Reached skill level 10 in Long Blades
  9674 | Lair:1   | XOM: divination: detect creatures
  9690 | Lair:1   | XOM: give mutations
  9690 | Lair:1   | Gained mutation: You have a pair of small horns on your head. [Xom's grace]
  9690 | Lair:1   | Gained mutation: Your spells are a little harder to cast, but a little more powerful. [Xom's grace]
  9690 | Lair:1   | Lost mutation: You are clumsy. (Dex -2) [Xom's grace]
  9690 | Lair:1   | Gained mutation: Your movements are slightly less encumbered by armour. (ER -2) [Xom's grace]
  9971 | Lair:2   | XOM: enchant monster (good)
  9982 | Lair:2   | XOM: polymorph crocodile -> soldier ant
  9988 | Lair:2   | XOM: enchant monster (bad)
 10271 | Lair:2   | Found a staircase to the Swamp.
 10470 | Lair:2   | XOM: blink monster(s)
 10478 | Lair:2   | XOM: give mutations
 10478 | Lair:2   | Gained mutation: You are dopey. (Int -2) [Xom's mischief]
 10478 | Lair:2   | Gained mutation: Your body sometimes deteriorates upon taking damage. [Xom's mischief]
 10773 | Lair:2   | XOM: noise
 10909 | Lair:2   | XOM is BORED!
 11007 | Lair:2   | XOM: butterfly on damage
 11030 | Lair:2   | XOM: severe Fire miscast
 11051 | Lair:2   | XOM: harmless Fire miscast
 11639 | Lair:3   | Got a jewelled ring mail
 11650 | Lair:3   | Identified the cursed +1 ring mail of Qimikac {rElec rN+++ MP-9 Int-3} (You found it on level 3 of the Lair of Beasts)
 11689 | Lair:3   | XOM: give mutations
 11689 | Lair:3   | Gained mutation: You evolve. [Xom's grace]
 11689 | Lair:3   | Gained mutation: You rapidly evolve. [Xom's grace]
 11789 | Lair:3   | XOM: divination: detect items
 11965 | Lair:3   | XOM: harmless Tloc miscast
 12107 | Lair:3   | Reached XP level 12. HP: 80/87 MP: 13/15
 12218 | Lair:3   | XOM: mild Hex miscast
 12299 | Lair:3   | XOM: medium Necr miscast
 12527 | Lair:3   | XOM: scenery: create altars
 12573 | Lair:4   | XOM: cast spell 'Metabolic Englaciation'
 12577 | Lair:4   | Reached skill level 5 in Evocations
 12605 | Lair:4   | Reached skill level 10 in Fighting
 12671 | Lair:4   | Lost mutation: You rapidly evolve. [decline of evolution]
 12727 | Lair:4   | XOM: god gift: scroll of enchant weapon
 12762 | Lair:4   | XOM: mild Pois miscast
 12905 | Lair:4   | Found a staircase to the Snake Pit.
 13113 | Lair:4   | XOM: mild Hex miscast
 13436 | Lair:4   | Noticed Nessos
 13437 | Lair:4   | XOM: summons 2 friendly demons
 13520 | Lair:5   | XOM: medium Pois miscast
 13563 | Lair:5   | Found a labyrinth entrance.
 13709 | Lair:5   | Noticed Josephine
 13728 | Lair:5   | Killed Josephine
 13808 | Lair:5   | XOM: 4-stop teleportation journey
 13945 | Lair:5   | XOM: polymorph torpor snail -> dream sheep
 13983 | Lair:5   | XOM: confusion (+ monsters)
 13991 | Lair:5   | Noticed a four-headed hydra
 13993 | Lair:5   | XOM: divine lightning
 13994 | Lair:5   | Upgraded the game from 0.22.0-2-ge58baed0e8 to 0.22.0-5-gf09313c8f9
 13996 | Lair:5   | XOM: cast spell 'Summon Horrible Things'
 13999 | Lair:5   | Killed a four-headed hydra
 14220 | Lair:5   | XOM: summons 6 hostile demons
 14666 | Lair:6   | Entered Level 6 of the Lair of Beasts
 14796 | D:8      | Noticed a two-headed ogre
 14797 | D:8      | XOM: blink monster(s)
 14804 | D:9      | Killed a two-headed ogre
 14919 | D:8      | Noticed Grum
 14926 | D:8      | Killed Grum
 14930 | D:8      | Noticed a six-headed hydra
 15058 | D:8      | XOM: 1-stop teleportation journey
 15063 | D:8      | Found a runed gate.
 15065 | D:8      | Found a runed gate.
 15069 | D:8      | Noticed IcyTea's ghost (novice DrCK)
 15073 | D:8      | Found a runed gate.
 15073 | D:8      | XOM: blink monster(s)
 15078 | D:8      | XOM: confusion (+ monsters)
 15084 | D:8      | Killed a six-headed hydra
 15084 | D:8      | Reached XP level 13. HP: 86/93 MP: 14/17
 15158 | D:7      | XOM: mild Summ miscast
 15637 | D:4      | Killed Eustachio
 15668 | D:4      | XOM: mild Fire miscast
 15796 | D:8      | XOM: silly message
 15811 | D:8      | Identified the Grimoire of Orientation and Stones
 15882 | D:8      | Noticed Erica
 15884 | D:8      | XOM: divination: detect creatures
 15890 | D:8      | Killed Erica
 15960 | D:8      | Identified the Reference Book on Shifting Earth
 16025 | D:8      | Found an opulent altar of Gozag.
 16169 | D:8      | Killed IcyTea's ghost
 16272 | D:10     | Entered Level 10 of the Dungeon
 16360 | D:10     | Noticed Snorg
 16621 | D:10     | XOM: potion effect (berserk rage)
 16630 | D:10     | Killed Snorg
 16688 | D:10     | XOM: harmless Tloc miscast
 16782 | D:10     | XOM: 3-stop teleportation journey
 17015 | D:11     | Found Reaskiv's Food Emporium.
 17381 | D:11     | XOM: destruction
 17388 | D:11     | XOM: 3-stop teleportation journey
 17644 | D:11     | XOM: harmless Hex miscast
 17859 | D:12     | Found a staircase to the Orcish Mines.
 17924 | D:12     | XOM: cloud trail
 18449 | D:12     | XOM: 2-stop teleportation journey
 18645 | D:12     | XOM: 9-stop teleportation journey
 19064 | Orc:1    | Entered Level 1 of the Orcish Mines
 19083 | Orc:1    | XOM: scenery: create altars
 19187 | Orc:1    | Found a runed door.
 19188 | Orc:1    | Noticed Footeic's ghost (journeyman DsGl)
 19316 | Orc:2    | Entered Level 2 of the Orcish Mines
 19316 | Orc:2    | Found Zeedohez's Antique Armour Boutique.
 19317 | Orc:2    | Noticed Urug
 19317 | Orc:2    | Noticed Erolcha
 19368 | Orc:1    | Killed Urug
 19581 | Orc:1    | XOM: cloud trail
 19611 | Orc:1    | XOM: harmless Fire miscast
 19617 | Orc:2    | Killed Erolcha
 19709 | Orc:1    | XOM: smoke on damage
 20141 | Orc:2    | XOM: severe Tloc miscast
 20268 | Orc:2    | Found a roughly hewn altar of Beogh.
 20287 | Orc:2    | Found Cokasharr's Distillery.
 20303 | Orc:2    | Bought a potion of might for 64 gold pieces
 20503 | Orc:2    | Found a staircase to the Elven Halls.
 20573 | Orc:2    | Found a roughly hewn altar of Beogh.
 20870 | Orc:2    | Noticed Saint Roka
 20986 | Orc:2    | XOM: confusion
 21169 | Orc:1    | XOM is BORED!
 21169 | Orc:1    | XOM: summons 6 hostile demons
 21266 | Orc:2    | Killed Saint Roka
 21266 | Orc:2    | Reached XP level 14. HP: 95/101 MP: 17/19
 21340 | Orc:2    | XOM: swap monsters
 21515 | Orc:2    | Found Lisesall's Antique Weapon Shoppe.
 21516 | Orc:2    | Found a roughly hewn altar of Beogh.
 21518 | Orc:2    | Found Hitoxt's Antique Armour Emporium.
 21643 | Orc:2    | XOM: give mutations
 21643 | Orc:2    | Lost mutation: You have a pair of small horns on your head. [Xom's mischief]
 21643 | Orc:2    | Lost mutation: Your body sometimes deteriorates upon taking damage. [Xom's mischief]
 21643 | Orc:2    | Lost mutation: You evolve. [Xom's mischief]
 21656 | Orc:2    | Found Dokon's Antique Armour Boutique.
 21691 | Orc:2    | XOM: noise
 21818 | D:13     | XOM: cleaving
 21819 | D:13     | XOM: enchant monster (bad)
 21914 | D:13     | XOM: enchant monster (good)
 21934 | D:13     | XOM: harmless Air miscast
 22206 | D:13     | XOM: summons friendly quasit
 22210 | D:13     | XOM: swap monsters
 22213 | D:13     | XOM: swap monsters
 22226 | D:13     | XOM: silly message
 22364 | D:13     | XOM: harmless Hex miscast
 22376 | D:13     | XOM: blink monster(s)
 22382 | D:13     | Reached skill level 10 in Armour
 22715 | D:14     | Noticed Azrael
 22720 | D:14     | Killed Azrael
 23145 | D:14     | XOM: swap monsters
 23301 | D:14     | XOM: 1-stop teleportation journey
 23310 | D:14     | Found an ornate altar of the Wu Jian Council.
 23578 | D:14     | Lost mutation: You are dopey. (Int -2) [potion of mutation]
 23578 | D:14     | Lost mutation: You are frail. (-10% HP) [potion of mutation]
 23578 | D:14     | Lost mutation: Armour fits poorly on your strangely shaped body. [potion of mutation]
 23578 | D:14     | Lost mutation: Your movements are slightly less encumbered by armour. (ER -2) [potion of mutation]
 23578 | D:14     | Gained mutation: You are partially covered in slimy green scales. (AC +2) [potion of mutation]
 23578 | D:14     | Gained mutation: Your flesh is heat resistant. (rF+) [potion of mutation]
 23578 | D:14     | Gained mutation: You possess an exceptional clarity of mind. [potion of mutation]
 23672 | D:14     | XOM: mild Hex miscast
 23679 | D:14     | XOM: harmless Tloc miscast
 23760 | D:14     | XOM: mild Summ miscast
 23893 | D:15     | Entered Level 15 of the Dungeon
 23895 | D:15     | Found a staircase to the Depths.
 23895 | D:15     | Noticed Louise
 24252 | Snake:1  | Entered Level 1 of the Snake Pit
 24450 | Snake:1  | XOM: severe Chrm miscast
 24463 | Lair:4   | XOM: cast spell 'Shadow Creatures'
 24716 | Lair:4   | Killed Nessos
 25034 | Snake:1  | XOM: smoke on damage
 25054 | Snake:1  | XOM: summons 4 friendly demons
 25055 | Snake:1  | XOM: noise
 25066 | Snake:1  | XOM: harmless Tloc miscast
 25072 | Snake:1  | XOM: fog
 25106 | Snake:1  | XOM: harmless Ice miscast
 25107 | Snake:1  | XOM: potion effect (heal wounds)
 25111 | Snake:1  | XOM: divination: detect creatures
 25128 | Lair:4   | XOM: mild Pois miscast
 25276 | Lair:4   | XOM: god gift: scroll of enchant weapon
 25426 | Lair:4   | XOM: mild Erth miscast
 25815 | Lair:4   | XOM: harmless Chrm miscast
 26127 | Snake:1  | Found Faot's Assorted Antiques.
 26165 | Snake:1  | XOM: summons friendly ufetubus
 26561 | Snake:1  | XOM: 1-stop teleportation journey
 26839 | Snake:1  | Reached XP level 15. HP: 116/120 MP: 21/21
 27087 | Snake:2  | XOM: 8-stop teleportation journey
 27091 | Snake:2  | Noticed Kirke
 27095 | Snake:2  | XOM: potion effect (invisibility)
 27105 | Snake:2  | Killed Kirke
 27109 | Snake:2  | XOM: confuse monster(s)
 27237 | Snake:2  | XOM: confuse monster(s)
 27269 | Snake:2  | XOM: confuse monster(s)
 27280 | Snake:2  | XOM: blink monster(s)
 27285 | Snake:2  | XOM: fog
 27297 | Snake:2  | XOM: 2-stop teleportation journey
 27494 | Snake:2  | XOM: harmless Hex miscast
 27695 | Snake:2  | Found a runed door.
 27695 | Snake:2  | Noticed Silim's ghost (adept MiBe)
 27815 | Lair:6   | XOM: cast spell 'Olgreb's Toxic Radiance'
 28026 | Lair:6   | Found a runed door.
 28026 | Lair:6   | Found a viscous altar of Jiyva.
 28026 | Lair:6   | Found a staircase to the Slime Pits.
 28149 | Lair:6   | XOM: divination: magic mapping
 28154 | Lair:6   | XOM: summons 4 friendly demons
 28160 | Lair:6   | XOM: enchant monster (good)
 28167 | Lair:6   | XOM: cast spell 'Summon Dragon'
 28745 | Lair:6   | Found a large runed door.
 28748 | Lair:6   | Found a large runed door.
 28895 | Lair:6   | Got an ichor-stained scale mail
 28906 | Lair:6   | Identified the +1 scale mail "Uquyghau" {rPois} (You found it on level 6 of the Lair of Beasts)
 28907 | Lair:6   | XOM: give mutations
 28907 | Lair:6   | Gained mutation: You have a pair of small horns on your head. [Xom's grace]
 28907 | Lair:6   | Gained mutation: Your system is resistant to poisons. (rPois) [Xom's grace]
 28907 | Lair:6   | Gained mutation: Your flesh is cold resistant. (rC+) [Xom's grace]
 28991 | Lair:6   | XOM: scenery: create altars
 29019 | Lair:6   | XOM: cleaving
 29020 | Lair:6   | XOM: polymorph yak -> human
 29031 | Lair:6   | XOM: summons friendly iron imp
 29135 | Lair:6   | XOM: noise
 29164 | Lair:6   | XOM: cleaving
 29171 | Lair:6   | XOM: potion effect (curing)
 29199 | Lair:6   | XOM: summons friendly quasit
 29247 | Lair:6   | XOM: summons friendly iron imp
 29542 | Lair:6   | XOM: cloud trail
 30270 | D:15     | XOM: fog
 30273 | D:15     | XOM: confuse monster(s)
 30302 | D:15     | Reached XP level 16. HP: 77/129 MP: 14/22
 30346 | D:15     | XOM: harmless Pois miscast
 30619 | D:15     | Killed Louise
 30633 | D:15     | XOM: enchant monster (good)
 30676 | D:15     | XOM: confuse monster(s)
 30723 | D:15     | XOM: summons friendly ufetubus
 30799 | D:15     | XOM: divination: detect items
 30799 | D:15     | Noticed Agnes
 30803 | D:15     | XOM: mild Tmut miscast
 30813 | D:15     | Reached skill level 15 in Dodging
 30818 | D:15     | XOM: cleaving
 30821 | D:15     | XOM: harmless Conj miscast
 30835 | D:15     | XOM: mild Pois miscast
 30848 | D:15     | XOM: summons 2 hostile demons
 30917 | D:15     | XOM: scenery: create altars
 30950 | D:15     | Noticed Agnes
 30950 | D:15     | Agnes changed into Agnes the ice dragon
 30957 | D:15     | Killed Agnes the ice dragon
 31038 | D:15     | XOM: harmless Summ miscast
 31100 | D:15     | XOM: 7-stop teleportation journey
 31543 | D:12     | XOM: give mutations
 31543 | D:12     | Gained mutation: Your spells are harder to cast, but more powerful. [Xom's grace]
 31543 | D:12     | Gained mutation: You can translocate small distances at will. [Xom's grace]
 31543 | D:12     | Gained mutation: You are agile. (Dex +2) [Xom's grace]
 31543 | D:12     | Gained mutation: You are robust. (+10% HP) [Xom's grace]
 31681 | Swamp:1  | Entered Level 1 of the Swamp
 31737 | Swamp:1  | Found a frozen archway.
 31764 | IceCv    | Entered an ice cave
 31913 | IceCv    | XOM: 7-stop teleportation journey
 32316 | IceCv    | XOM: medium Air miscast
 32398 | IceCv    | XOM: summons friendly iron imp
 32587 | IceCv    | XOM: give mutations
 32587 | IceCv    | Lost mutation: Your system is resistant to poisons. (rPois) [Xom's mischief]
 32587 | IceCv    | Lost mutation: You are partially covered in large bone plates. (SH +4) [Xom's mischief]
 32587 | IceCv    | Lost mutation: You possess an exceptional clarity of mind. [Xom's mischief]
 32587 | IceCv    | Lost mutation: Your spells are harder to cast, but more powerful. [Xom's mischief]
 32704 | IceCv    | Noticed an Ice Fiend
 32726 | IceCv    | Killed an Ice Fiend
 32750 | IceCv    | XOM: medium Ice miscast
 33203 | IceCv    | Identified a +0 pair of boots of running (You found it in an ice cave)
 33800 | Orc:2    | Bought pearl dragon scales for 2900 gold pieces
 33890 | D:10     | XOM: scenery: create altars
 33985 | Swamp:1  | XOM: cast spell 'Death Channel'
 34003 | Swamp:1  | XOM: blink monster(s)
 34151 | Swamp:1  | XOM: 3-stop teleportation journey
 34504 | Swamp:1  | XOM: polymorph alligator -> anaconda
 34596 | Swamp:1  | XOM: torment (96/144 hp)
 34680 | Swamp:1  | XOM: medium Air miscast
 34966 | Swamp:2  | XOM: enchant monster (good)
 34986 | Swamp:2  | XOM: noise
 35005 | Swamp:2  | XOM: silly message
 35326 | Swamp:2  | XOM: noise
 35353 | Swamp:2  | XOM is BORED!
 35353 | Swamp:2  | XOM: 2-stop teleportation journey
 35412 | Swamp:2  | Found a transporter.
 35444 | Swamp:2  | XOM: blink monster(s)
 36071 | Swamp:2  | XOM: mild Air miscast
 36120 | Swamp:2  | XOM: medium Pois miscast
 36263 | Swamp:2  | Found a transporter.
 36277 | Swamp:2  | XOM: potion effect (brilliance)
 36290 | Swamp:2  | XOM: enchant monster (bad)
 36449 | Swamp:2  | XOM: harmless Summ miscast
 36481 | Swamp:2  | XOM: give mutation
 36481 | Swamp:2  | Gained mutation: You are dopey. (Int -2) [Xom's mischief]
 36633 | Swamp:2  | XOM: harmless Conj miscast
 36699 | Swamp:2  | XOM: harmless Tloc miscast
 36749 | Swamp:2  | XOM: harmless Necr miscast
 36807 | Swamp:2  | XOM: god gift: 46 gold pieces
 36901 | Swamp:2  | Got a flickering platinum ring
 36914 | Swamp:2  | Got a pitted platinum ring
 36921 | Swamp:2  | Identified the ring "Kiergh" {+Blink rPois rF+} (You found it on level 2 of the Swamp)
 36922 | Swamp:2  | Identified the ring "Ygyduy Ereas" {rC+ rN+} (You found it on level 2 of the Swamp)
 36970 | Swamp:3  | XOM: polymorph six-headed hydra -> spark wasp
 36988 | Swamp:3  | XOM: 5-stop teleportation journey
 36990 | Swamp:3  | XOM: enchant monster (good)
 37004 | Swamp:3  | XOM: summons friendly soul eater
 37061 | Swamp:3  | XOM: polymorph swamp drake -> killer bee
 37074 | Swamp:3  | Reached XP level 17. HP: 69/150 MP: 18/23
 37165 | Swamp:3  | XOM: scenery: create altars
 37197 | Swamp:3  | XOM: god gift: ration
 37471 | Swamp:3  | XOM: scenery: create altars
 37565 | Swamp:3  | XOM: 3-stop teleportation journey
 37649 | Swamp:3  | XOM: divination: detect items
 37787 | Swamp:3  | XOM: mild Necr miscast
 37936 | Swamp:4  | XOM: noise
 37936 | Swamp:4  | Entered Level 4 of the Swamp
 37972 | Swamp:4  | XOM: potion effect (heal wounds)
 38027 | Swamp:3  | XOM: harmless Air miscast
 38109 | Swamp:4  | XOM: potion effect (berserk rage)
 38150 | Swamp:4  | XOM: harmless Erth miscast
 38196 | Swamp:4  | XOM: potion effect (brilliance)
 38205 | Swamp:4  | XOM: destruction
 38271 | Swamp:4  | XOM: cleaving
 38357 | Swamp:4  | XOM: enchant monster (good)
 38380 | Swamp:4  | XOM: scenery: create altars
 38404 | Swamp:4  | XOM: harmless Necr miscast
 38412 | Swamp:4  | Noticed the 27-headed Lernaean hydra
 38421 | Swamp:4  | Killed the 27-headed Lernaean hydra
 38426 | Swamp:4  | Reached skill level 15 in Long Blades
 38426 | Swamp:4  | XOM: 1-stop teleportation journey
 38433 | Swamp:4  | XOM: give mutations
 38433 | Swamp:4  | Lost mutation: You are dopey. (Int -2) [Xom's mischief]
 38433 | Swamp:4  | Gained mutation: Your body sometimes deteriorates upon taking damage. [Xom's mischief]
 38513 | Swamp:4  | XOM: medium Tloc miscast
 38513 | Swamp:4  | Cast into level 3 of the Abyss (the capriciousness of Xom)
 38557 | Abyss:3  | Reached skill level 1 in Stealth
 38607 | Abyss:3  | Gained mutation: Armour fits poorly on your strangely shaped body. [a neqoxec]
 38620 | Abyss:3  | XOM: medium Ice miscast
 38624 | Abyss:3  | Noticed a profane servitor
 38624 | Abyss:3  | XOM: medium Ice miscast
 38640 | Abyss:3  | XOM: enchant monster (bad)
 38641 | Abyss:3  | XOM: divination: magic mapping
 38816 | Abyss:3  | XOM: enchant monster (bad)
 38969 | Abyss:3  | Reached skill level 5 in Stealth
 38986 | Abyss:3  | XOM: noise
 39047 | Abyss:3  | XOM: blink monster(s)
 39146 | Abyss:3  | XOM: fake destruction
 39488 | Abyss:3  | XOM: enchant monster (good)
 39506 | Abyss:3  | XOM: enchant monster (good)
 39548 | Abyss:3  | Found a corrupted altar of Lugonu.
 39667 | Swamp:4  | Escaped the Abyss
 39749 | Swamp:4  | XOM: confuse monster(s)
 39780 | Swamp:4  | Noticed Nikola
 39793 | Swamp:4  | XOM: divination: detect items
 39797 | Swamp:4  | Killed Nikola
 39925 | Swamp:3  | XOM: 2-stop teleportation journey
 39999 | Swamp:3  | XOM: divination: magic mapping
 40167 | Swamp:4  | Got a decaying rune of Zot
 40192 | Swamp:4  | Reached skill level 10 in Stealth
 40192 | Swamp:4  | XOM: confuse monster(s)
 40484 | Swamp:4  | Noticed a tentacled monstrosity
 40510 | Swamp:4  | Killed a tentacled monstrosity
 40863 | Swamp:4  | XOM: cast spell 'Summon Small Mammal'
 41217 | Swamp:4  | Found an ancient bone altar of Kikubaaqudgha.
 41548 | Elf:1    | XOM: stealth player
 41548 | Elf:1    | Entered Level 1 of the Elven Halls
 41552 | Elf:1    | XOM: enchant monster (good)
 41574 | Elf:1    | XOM: cleaving
 41584 | Elf:1    | XOM: cleaving
 41590 | Elf:1    | XOM: enchant monster (good)
 41632 | Elf:1    | XOM: polymorph deep elf archer -> cyclops
 41659 | Elf:1    | Found a radiant altar of Vehumet.
 41757 | Elf:1    | XOM: enchant monster (good)
 41784 | Elf:1    | XOM: cast spell 'Summon Butterflies'
 41787 | Elf:1    | XOM: scenery: 2 doors close
 42079 | Elf:1    | Reached XP level 18. HP: 160/160 MP: 24/24
 42309 | Elf:1    | Found Niaker's Assorted Antiques.
 42332 | Elf:1    | XOM: harmless Necr miscast
 42334 | Elf:1    | XOM: summons 3 hostile shadow creatures
 42401 | Elf:1    | XOM: divination: magic mapping
 42408 | Elf:1    | Bought a heavily runed iron ring for 175 gold pieces
 42408 | Elf:1    | Identified the ring of the Invisible Hand {rC+ AC+1} (You bought it in a shop on level 1 of the Elven Halls)
 43281 | Elf:1    | XOM: potion effect (invisibility)
 43311 | Elf:1    | XOM: divination: detect items
 43509 | Elf:2    | Lost mutation: You are agile. (Dex +2) [potion of mutation]
 43509 | Elf:2    | Lost mutation: You are robust. (+10% HP) [potion of mutation]
 43509 | Elf:2    | Lost mutation: Armour fits poorly on your strangely shaped body. [potion of mutation]
 43509 | Elf:2    | Lost mutation: You have a pair of small horns on your head. [potion of mutation]
 43509 | Elf:2    | Gained mutation: You have sharp toenails. [potion of mutation]
 43509 | Elf:2    | Gained mutation: Your body often deteriorates upon taking damage. [potion of mutation]
 43509 | Elf:2    | Gained mutation: You have a pair of small antennae on your head. [potion of mutation]
 43589 | Elf:2    | Found a runed door.
 43695 | Elf:2    | XOM: silly message
 43802 | Elf:2    | Found a runed door.
 44010 | Elf:2    | XOM: harmless Conj miscast
 44177 | Elf:2    | XOM: noise
 44195 | Elf:2    | XOM: mild Summ miscast
 44230 | Elf:2    | XOM: harmless Chrm miscast
 44236 | Elf:2    | XOM: harmless Ice miscast
 44485 | Elf:2    | XOM: summons 9 hostile demons
 44665 | Elf:3    | Entered Level 3 of the Elven Halls
 44700 | Elf:3    | XOM: chaos upgrade
 45147 | Snake:1  | XOM: god gift: 51 gold pieces
 45248 | Snake:2  | XOM: medium Tmut miscast
 45257 | Snake:2  | XOM: harmless Air miscast
 45454 | Snake:3  | XOM: divination: detect items
 45682 | Snake:3  | XOM: divination: detect creatures
 45692 | Snake:3  | XOM: harmless Chrm miscast
 45718 | Snake:3  | XOM: harmless Erth miscast
 45930 | Snake:3  | XOM: scenery: create altars
 46180 | Snake:3  | Reached skill level 10 in Evocations
 46557 | Snake:3  | XOM: summons 1 hostile demon
 46667 | Snake:3  | XOM: stat loss: -1 Dex (12/16)
 46874 | Snake:3  | XOM: harmless Air miscast
 46898 | Snake:4  | Entered Level 4 of the Snake Pit
 46943 | Snake:4  | XOM: swap monsters
 47214 | Snake:4  | XOM: chaos upgrade
 47221 | Snake:4  | XOM: cast spell 'Dispersal'
 47225 | Snake:4  | Paralysed by a salamander for 7 turns
 47603 | Snake:4  | XOM: summons 4 hostile demons
 47623 | Snake:4  | XOM: blink monster(s)
 47656 | Snake:4  | XOM: cast spell 'Chain of Chaos'
 47888 | Snake:4  | XOM: confuse monster(s)
 47897 | Snake:4  | XOM: confusion
 47900 | Snake:4  | XOM: summons 3 hostile demons
 47907 | Snake:4  | XOM: cast spell 'Summon Butterflies'
 47927 | Snake:4  | XOM: summons 4 friendly demons
 48083 | Snake:4  | XOM: god gift: plate armour {god gift}
 48143 | Snake:4  | Identified a scroll of acquirement
 48198 | Snake:4  | Reached XP level 19. HP: 154/154 MP: 26/26
 48228 | Snake:4  | XOM: scenery: 1 doors open
 48234 | Snake:4  | XOM: enchant monster (good)
 48268 | Snake:4  | XOM: blink monster(s)
 48300 | Snake:4  | XOM: medium Erth miscast
 48347 | Snake:4  | XOM: polymorph naga mage -> queen bee
 48422 | Snake:4  | XOM: draining
 48895 | Snake:4  | XOM: severe Ice miscast
 49204 | Snake:4  | XOM: polymorph guardian serpent -> hippogriff
 49207 | Snake:4  | XOM: summons friendly shadow imp
 49514 | Snake:4  | Reached skill level 15 in Fighting
 49538 | Snake:4  | XOM is BORED!
 49538 | Snake:4  | XOM: polymorph naga mage -> salamander
 49792 | Snake:4  | XOM: give mutation
 49792 | Snake:4  | Lost mutation: Your body often deteriorates upon taking damage. [Xom's mischief]
 49846 | Snake:4  | XOM: noise
 50113 | Snake:4  | XOM: give mutations
 50113 | Snake:4  | Gained mutation: You are dopey. (Int -2) [Xom's mischief]
 50113 | Snake:4  | Lost mutation: Your spells are a little harder to cast, but a little more powerful. [Xom's mischief]
 50133 | Snake:4  | XOM: harmless Chrm miscast
 50490 | Snake:4  | Got a serpentine rune of Zot
 50514 | Snake:4  | XOM: give mutation
 50514 | Snake:4  | Gained mutation: Your body often deteriorates upon taking damage. [Xom's mischief]
 50625 | Snake:2  | XOM: scenery: create altars
 50676 | Snake:2  | XOM: summons friendly ufetubus
 50679 | Snake:2  | XOM: confuse monster(s)
 50689 | Snake:2  | Killed Silim's ghost
 50925 | Lair:1   | XOM: cast spell 'Summon Dragon'
 50927 | Lair:1   | Killed Qynt's ghost
 50930 | Lair:1   | Reached skill level 15 in Armour
 50944 | Lair:1   | Identified the ring "Reimocu" {Dex+4 SInv} (You found it on level 1 of the Lair of Beasts)
 50984 | Lair:1   | XOM: give mutations
 50984 | Lair:1   | Gained mutation: You evolve. [Xom's grace]
 50984 | Lair:1   | Gained mutation: You possess an exceptional clarity of mind. [Xom's grace]
 50984 | Lair:1   | Gained mutation: You are partially covered in iridescent scales. (AC +2) [Xom's grace]
 50984 | Lair:1   | Gained mutation: Your system is resistant to poisons. (rPois) [Xom's grace]
 51117 | Orc:1    | Killed Footeic's ghost
 51128 | Orc:1    | XOM: harmless Pois miscast
 51169 | D:12     | XOM: god gift: 14 bolts
 51232 | D:13     | XOM: smoke on damage
 51327 | D:13     | Found a gate to the Vaults.
 51456 | D:13     | XOM: harmless Chrm miscast
 51505 | Vaults:1 | Entered Level 1 of the Vaults
 51516 | Vaults:1 | XOM: divination: magic mapping
 51518 | Vaults:1 | XOM: cast spell 'Cause Fear'
 51524 | Vaults:1 | XOM: cast spell 'Call Canine Familiar'
 51535 | Vaults:1 | XOM: potion effect (might)
 51543 | Vaults:1 | XOM: noise
 51606 | Vaults:1 | XOM: divination: magic mapping
 51607 | Vaults:1 | XOM: mild Hex miscast
 51623 | Vaults:1 | XOM: destruction
 51628 | Vaults:1 | XOM: harmless Tmut miscast
 51717 | Vaults:1 | XOM: polymorph rakshasa -> hell hog
 51865 | Vaults:1 | XOM: cast spell 'Death Channel'
 51867 | Vaults:1 | XOM: cast spell 'Summon Hydra'
 52224 | Vaults:1 | XOM: confuse monster(s)
 52262 | Vaults:1 | XOM: chaos upgrade
 52275 | Vaults:1 | XOM: silly message
 52276 | Vaults:1 | XOM: harmless Summ miscast
 52280 | Vaults:1 | XOM: summons friendly ufetubus
 52282 | Vaults:1 | Reached XP level 20. HP: 111/163 MP: 18/28
 52361 | Vaults:1 | XOM: summons 8 friendly demons
 52364 | Vaults:1 | XOM: confuse monster(s)
 52610 | Vaults:1 | XOM: noise
 52763 | Vaults:2 | XOM: blink monster(s)
 52794 | Vaults:2 | Noticed a bone dragon
 52817 | Vaults:2 | Killed a bone dragon
 52893 | Vaults:2 | Found a staircase to the Crypt.
 52921 | Vaults:2 | XOM: summons 10 hostile demons
 53087 | Vaults:2 | XOM: 2-stop teleportation journey
 53168 | Vaults:2 | XOM: cleaving
 53169 | Vaults:2 | XOM: swap monsters
 53326 | Vaults:2 | XOM: mild Hex miscast
 53363 | Vaults:2 | Paralysed by a hornet for 3 turns
 53371 | Vaults:2 | Found a large runed door.
 53371 | Vaults:2 | Noticed Jiud's ghost (adept MiBe)
 53372 | Vaults:2 | Found a large runed door.
 53498 | Vaults:2 | XOM: summons friendly ufetubus
 53508 | Vaults:2 | XOM: swap monsters
 53569 | Vaults:2 | XOM: summons friendly white imp
 53797 | Vaults:3 | XOM: destruction
 53799 | Vaults:3 | XOM: polymorph centaur warrior -> water nymph
 53799 | Vaults:3 | XOM: smoke on damage
 53815 | Vaults:3 | XOM: summons 2 friendly demons
 53816 | Vaults:3 | XOM: divination: detect items
 54029 | Vaults:3 | Found a magical portal.
 54038 | WizLab   | Entered Zonguldrok's Shrine
 54265 | WizLab   | XOM: cloud trail
 54302 | WizLab   | XOM: divine lightning
 54305 | WizLab   | XOM: confuse monster(s)
 54396 | WizLab   | Noticed an antique lich
 54420 | WizLab   | Killed an antique lich
 54624 | WizLab   | Found the +9 sword of Zonguldrok {reap}
 54969 | Vaults:3 | XOM: scenery: 3 doors open
 55129 | Vaults:3 | Reached XP level 21. HP: 137/171 MP: 26/30
 55333 | Vaults:3 | XOM: god gift: 8 stones
 55357 | Vaults:3 | XOM: scenery: create altars
 55450 | Vaults:3 | XOM: scenery: 1 doors open, 2 doors close
 55497 | Vaults:3 | XOM: god gift: wand of disintegration (18)
 55586 | Vaults:3 | XOM: harmless Hex miscast
 55868 | Vaults:3 | XOM: divination: detect items
 55877 | Vaults:3 | XOM: cloud trail
 55908 | Vaults:3 | Lost mutation: You are dopey. (Int -2) [evolution]
 56058 | Vaults:3 | XOM: scenery: 1 doors open, 1 doors close
 56162 | Vaults:4 | XOM: confuse monster(s)
 56238 | Vaults:4 | XOM: harmless Erth miscast
 56247 | Vaults:4 | XOM: chaos cloud
 56332 | Vaults:4 | XOM: summons 10 hostile demons
 56454 | Vaults:4 | XOM: scenery: create altars
 56503 | Vaults:4 | XOM: polymorph vault warden -> frost giant
 56513 | Vaults:4 | XOM: divine lightning
 56670 | Vaults:4 | XOM: god gift: scroll of fog
 56751 | Vaults:4 | XOM: 7-stop teleportation journey
 56759 | Vaults:4 | XOM: cleaving
 56764 | Vaults:4 | XOM: scenery: create altars
 57127 | Vaults:4 | XOM: cast spell 'Call Canine Familiar'
 57131 | Vaults:4 | XOM: butterfly on damage
 57132 | Vaults:4 | XOM: fake destruction
 57207 | Vaults:4 | XOM: 2-stop teleportation journey
 57419 | Vaults:4 | Found Ojeenwan's Distillery.
 57442 | Vaults:4 | Bought a potion of might for 48 gold pieces
 57442 | Vaults:4 | Bought a potion of resistance for 120 gold pieces
 57442 | Vaults:4 | Bought a potion of curing for 36 gold pieces
 57442 | Vaults:4 | Bought a potion of agility for 48 gold pieces
 57442 | Vaults:4 | Bought a potion of mutation for 96 gold pieces
 57442 | Vaults:4 | Bought a potion of heal wounds for 60 gold pieces
 57686 | Vaults:4 | XOM: harmless Tloc miscast
 58301 | Elf:3    | XOM: destruction
 58325 | Elf:3    | XOM: destruction
 58539 | Elf:2    | XOM: harmless Tmut miscast
 58680 | Elf:3    | XOM: summons 1 hostile shadow creature
 58921 | Elf:3    | XOM: enchant monster (good)
 59168 | Elf:3    | XOM: enchant monster (bad)
 59375 | Elf:3    | XOM: noise
 59381 | Elf:3    | XOM: polymorph demonic crawler -> apocalypse crab
 59531 | Elf:3    | XOM: noise
 59536 | Elf:3    | XOM: harmless Pois miscast
 59997 | Elf:3    | Identified the ring of Tudiofiv {*Drain +Blink rPois rN+++ Int-5 Stlth+} (You took it off a deep elf knight on level 3 of the Elven Halls)
 60105 | Elf:3    | XOM: summons friendly iron imp
 60121 | Elf:3    | XOM: scenery: create altars
 60213 | Elf:2    | XOM: noise
 60302 | Elf:2    | Gained mutation: You are robust. (+10% HP) [evolution]
 60364 | Elf:2    | XOM: enchant monster (bad)
 60557 | Elf:2    | XOM: polymorph deep elf sorcerer -> minotaur
 60756 | Elf:3    | XOM: divination: detect items
 60764 | Elf:3    | Cast into level 2 of the Abyss (a deep elf sorcerer)
 61020 | Abyss:3  | XOM: noise
 61098 | Abyss:3  | XOM: noise
 61100 | Abyss:3  | XOM: divination: detect items
 61104 | Abyss:3  | XOM: summons 2 friendly demons
 61110 | Abyss:3  | XOM: cleaving
 61157 | Abyss:3  | XOM: medium Pois miscast
 61208 | Abyss:3  | XOM: polymorph orc sorcerer -> snapping turtle
 61230 | Abyss:3  | XOM: summons 2 friendly demons
 61244 | Abyss:3  | XOM: harmless Conj miscast
 61310 | Abyss:3  | Noticed an ancient lich
 61315 | Abyss:3  | XOM: blink monster(s)
 61329 | Abyss:3  | Killed an ancient lich
 61379 | Abyss:3  | XOM: enchant monster (bad)
 61387 | Abyss:3  | XOM: divination: magic mapping
 61440 | Abyss:4  | XOM: summons 4 hostile shadow creatures
 61495 | Abyss:4  | Reached XP level 22. HP: 134/198 MP: 32/32
 61503 | Abyss:4  | Gained mutation: Armour fits poorly on your strangely shaped body. [a neqoxec]
 61612 | Abyss:4  | XOM: fake destruction
 61667 | Abyss:4  | Found a corrupted altar of Lugonu.
 61775 | Abyss:4  | Found a corrupted altar of Lugonu.
 61820 | Abyss:4  | XOM: give mutation
 61820 | Abyss:4  | Lost mutation: Your flesh is cold resistant. (rC+) [Xom's mischief]
 61837 | Abyss:4  | XOM: mild Fire miscast
 61844 | Abyss:4  | XOM: potion effect (haste)
 61859 | Abyss:4  | XOM: harmless Pois miscast
 61924 | Abyss:4  | XOM: enchant monster (bad)
 61938 | Abyss:4  | Got an abyssal rune of Zot
 61938 | Abyss:4  | XOM: enchant monster (bad)
 61948 | Abyss:4  | XOM: smoke on damage
 61952 | Abyss:4  | XOM: enchant monster (bad)
 62019 | Elf:3    | Escaped the Abyss
 62430 | Elf:3    | XOM: summons 2 hostile shadow creatures
 62437 | Elf:3    | XOM: chaos upgrade
 62781 | Elf:2    | XOM: god gift: potion of haste
 62849 | Elf:3    | XOM: summons friendly crimson imp
 62869 | Elf:3    | XOM: chaos upgrade
 63318 | Elf:3    | XOM: summons 5 friendly demons
 63676 | Elf:3    | XOM: smoke on damage
 63742 | Elf:3    | XOM: summons 3 hostile demons
 63863 | Elf:2    | XOM: scenery: create altars
 64035 | Elf:3    | XOM: give mutations
 64035 | Elf:3    | Gained mutation: You are resistant to hostile enchantments. (MR+) [Xom's grace]
 64035 | Elf:3    | Gained mutation: You have razor-sharp toenails. [Xom's grace]
 64035 | Elf:3    | Gained mutation: You are very robust. (+20% HP) [Xom's grace]
 64047 | Elf:3    | Identified the cursed +1 plate armour of Ubo Bos {-Cast MR+ Str+7 Stlth-} (You took it off a deep elf blademaster on level 3 of the Elven Halls)
 64125 | Elf:3    | XOM: summons 7 friendly demons
 64346 | Elf:3    | XOM: scenery: 2 doors close
 64454 | Elf:1    | XOM: scenery: 4 doors close
 64590 | Vaults:1 | XOM: god gift: wand of disintegration (15)
 64747 | Vaults:4 | XOM: give mutations
 64747 | Vaults:4 | Lost mutation: You can translocate small distances at will. [Xom's mischief]
 64747 | Vaults:4 | Lost mutation: Your system is resistant to poisons. (rPois) [Xom's mischief]
 64747 | Vaults:4 | Lost mutation: You evolve. [Xom's mischief]
 64747 | Vaults:4 | Lost mutation: Armour fits poorly on your strangely shaped body. [Xom's mischief]
 64762 | Vaults:4 | XOM: give mutations
 64762 | Vaults:4 | Lost mutation: You are very robust. (+20% HP) [Xom's mischief]
 64762 | Vaults:4 | Lost mutation: Your body often deteriorates upon taking damage. [Xom's mischief]
 64789 | Vaults:5 | Entered Level 5 of the Vaults
 64841 | Vaults:4 | XOM: scenery: create altars
 64896 | Vaults:3 | XOM: give mutations
 64896 | Vaults:3 | Lost mutation: Your body sometimes deteriorates upon taking damage. [Xom's mischief]
 64896 | Vaults:3 | Gained mutation: You have claws for feet. [Xom's mischief]
 64896 | Vaults:3 | Gained mutation: You expend magic power (3 MP) to strengthen your wands. [Xom's mischief]
 64953 | Vaults:3 | XOM: harmless Tloc miscast
 65066 | Vaults:3 | XOM: summons 1 hostile demon
 65160 | Vaults:3 | XOM: mild Conj miscast
 65329 | Crypt:1  | Entered Level 1 of the Crypt
 65331 | Crypt:1  | XOM: potion effect (invisibility)
 65344 | Crypt:1  | Reached skill level 1 in Shields
 65348 | Crypt:1  | XOM: noise
 65360 | Crypt:1  | Reached skill level 2 in Shields
 65375 | Crypt:1  | XOM: mild Pois miscast
 65383 | Crypt:1  | Reached skill level 3 in Shields
 65396 | Crypt:1  | XOM: noise
 65398 | Crypt:1  | XOM: blink monster(s)
 65405 | Crypt:1  | XOM: enchant monster (bad)
 65703 | Crypt:1  | Reached skill level 4 in Shields
 65815 | Crypt:1  | XOM: harmless Ice miscast
 66121 | Crypt:1  | Reached skill level 5 in Shields
 66410 | Crypt:1  | XOM: medium Chrm miscast
 66420 | Crypt:1  | XOM: harmless Summ miscast
 66564 | Vaults:2 | XOM: harmless Chrm miscast
 66617 | Vaults:3 | XOM: medium Summ miscast
 66718 | Vaults:4 | XOM: confuse monster(s)
 66746 | Vaults:4 | XOM: god gift: wand of paralysis (15)
 66749 | Vaults:5 | XOM: summons friendly shadow imp
 66758 | Vaults:4 | XOM: enchant monster (bad)
 66763 | Vaults:4 | XOM: noise
 66766 | Vaults:4 | Reached skill level 6 in Shields
 66769 | Vaults:4 | XOM: summons friendly crimson imp
 66770 | Vaults:4 | XOM: harmless Air miscast
 66777 | Vaults:4 | XOM: confuse monster(s)
 66999 | Vaults:4 | XOM: enchant monster (bad)
 67004 | Vaults:4 | XOM: summons 5 hostile demons
 67007 | Vaults:4 | XOM: enchant monster (bad)
 67049 | Vaults:5 | XOM: enchant monster (bad)
 67054 | Vaults:4 | Reached skill level 7 in Shields
 67575 | D:13     | XOM: mild Air miscast
 67785 | Temple   | Fell from the grace of Xom
 67785 | Temple   | Became a worshipper of Makhleb the Destroyer
 68206 | Crypt:2  | XOM: summons 4 hostile demons
 68329 | Crypt:2  | Found a transporter.
 68464 | Crypt:2  | Reached skill level 8 in Shields
 68587 | Crypt:2  | Reached XP level 23. HP: 128/205 MP: 30/33
 68609 | Crypt:2  | XOM: mild Hex miscast
 68644 | Crypt:2  | Reached * piety under Makhleb
 68830 | Crypt:2  | Reached skill level 9 in Shields
 68946 | Crypt:2  | XOM: summons 5 hostile demons
 69014 | Crypt:2  | XOM: summons 6 hostile demons
 69077 | Crypt:2  | Noticed an ancient lich
 69224 | Crypt:3  | Entered Level 3 of the Crypt
 69224 | Crypt:3  | Noticed Sojobo
 69632 | Slime:1  | XOM: noise
 69632 | Slime:1  | Entered Level 1 of the Pits of Slime
 69656 | Lair:6   | XOM: medium Tloc miscast
 69657 | Lair:6   | Cast into level 5 of the Abyss (the severe capriciousness of Xom)
 69657 | Abyss:5  | Entered Level 5 of the Abyss
 69794 | Abyss:5  | Reached skill level 10 in Shields
 69910 | Abyss:5  | XOM: summons 2 hostile demons
 70063 | Abyss:5  | Reached ** piety under Makhleb
 70066 | Lair:6   | Escaped the Abyss
 71142 | Slime:1  | Lost mutation: You have claws for feet. [a shining eye]
 71145 | Slime:1  | Gained mutation: Your body sometimes deteriorates upon taking damage. [a shining eye]
 71221 | Slime:1  | Reached skill level 11 in Shields
 71295 | Slime:1  | XOM: mild Tloc miscast
 71432 | Slime:2  | Reached *** piety under Makhleb
 71448 | Slime:1  | XOM: mild Pois miscast
 71483 | Lair:6   | XOM: noise
 71504 | Lair:6   | XOM: medium Summ miscast
 71880 | Crypt:2  | Killed Sojobo
 72057 | Crypt:3  | Reached skill level 12 in Shields
 72089 | Crypt:3  | XOM: swap monsters
 72326 | Crypt:3  | Identified Puh Odim's Volume of Unholy Arts
 72501 | Crypt:3  | Reached **** piety under Makhleb
 72516 | Crypt:3  | Found a staircase to the Tomb.
 72603 | Crypt:3  | XOM: harmless Tmut miscast
 72778 | Crypt:3  | XOM: harmless Tloc miscast
 72819 | Crypt:3  | Reached skill level 13 in Shields
 73118 | Crypt:3  | Noticed an ancient lich
 73134 | Crypt:3  | Killed an ancient lich
 73262 | Crypt:3  | Found an ancient bone altar of Kikubaaqudgha.
 73264 | Crypt:3  | Noticed an ancient lich
 73284 | Crypt:3  | Killed an ancient lich
 73297 | Crypt:3  | Noticed an ancient lich
 73303 | Crypt:3  | Reached skill level 14 in Shields
 73314 | Crypt:3  | Killed an ancient lich
 73339 | Crypt:3  | Identified Jeefakug's Theurgy, Part Five
 73503 | Crypt:3  | XOM: mild Necr miscast
 73573 | Crypt:3  | XOM: mild Tmut miscast
 73742 | Crypt:3  | XOM: noise
 73750 | Tomb:1   | Entered Level 1 of the Tomb of the Ancients
 73838 | Tomb:1   | XOM: blink monster(s)
 73865 | Tomb:1   | XOM: polymorph sphinx -> azure jelly
 73986 | Tomb:1   | Noticed a greater mummy
 74023 | Tomb:1   | Killed a greater mummy
 74028 | Tomb:1   | Reached ***** piety under Makhleb
 74028 | Tomb:1   | Reached XP level 24. HP: 91/214 MP: 21/33
 74254 | Tomb:1   | Noticed a greater mummy
 74384 | Tomb:1   | Reached skill level 15 in Shields
 74392 | Tomb:1   | XOM: medium Chrm miscast
 74402 | Tomb:1   | XOM: mild Tloc miscast
 74573 | Tomb:1   | Killed a greater mummy
 75747 | Tomb:1   | XOM: mild Air miscast
 75992 | Tomb:1   | Cast into level 4 of the Abyss (a Zot trap)
 76007 | Tomb:1   | Escaped the Abyss
 76008 | Tomb:1   | Noticed a greater mummy
 76009 | Tomb:1   | Noticed a greater mummy
 76009 | Tomb:1   | Noticed a greater mummy
 76054 | Tomb:1   | Noticed a greater mummy
 76055 | Tomb:1   | Noticed a greater mummy
 76078 | Tomb:1   | Killed a greater mummy
 76081 | Tomb:1   | Noticed a greater mummy
 76092 | Tomb:1   | Killed a greater mummy
 76092 | Tomb:1   | Reached skill level 16 in Shields
 76100 | Tomb:1   | Noticed a greater mummy
 76104 | Tomb:1   | HP: 9/214 [emperor scorpion[a greater mummy] (12)]
 76269 | Crypt:3  | XOM: medium Tmut miscast
 76989 | Slime:2  | Lost mutation: You are robust. (+10% HP) [a shining eye]
 77770 | Tomb:2   | Noticed a greater mummy
 77773 | Tomb:2   | Noticed a greater mummy
 77789 | Tomb:2   | Noticed a greater mummy
 77810 | Tomb:2   | Killed a greater mummy
 78512 | Orc:2    | Bought a potion of agility for 64 gold pieces
 78512 | Orc:2    | Bought a potion of curing for 48 gold pieces
 78512 | Orc:2    | Bought a potion of curing for 48 gold pieces
 78512 | Orc:2    | Bought a potion of might for 64 gold pieces
 78512 | Orc:2    | Bought a potion of haste for 160 gold pieces
 78512 | Orc:2    | Bought a potion of agility for 64 gold pieces
 78512 | Orc:2    | Bought a potion of magic for 128 gold pieces
 78748 | Snake:1  | Bought a scroll of enchant armour for 202 gold pieces
 78748 | Snake:1  | Bought a wand of scattershot (6) for 324 gold pieces
 78748 | Snake:1  | Bought a wand of iceblast (9) for 108 gold pieces
 78748 | Snake:1  | Bought a potion of mutation for 216 gold pieces
 78748 | Snake:1  | Bought 3 scrolls of teleportation for 243 gold pieces
 78986 | Slime:3  | Reached skill level 17 in Shields
 79734 | Tomb:1   | Cast into level 4 of the Abyss (a Zot trap)
 79892 | Tomb:1   | Escaped the Abyss
 79906 | Tomb:2   | Noticed a greater mummy
 79934 | Tomb:2   | Killed a greater mummy
 79962 | Tomb:2   | Killed a greater mummy
 79981 | Tomb:2   | Noticed Mara
 80070 | Tomb:2   | Killed a greater mummy
 80075 | Tomb:2   | Reached ****** piety under Makhleb
 80091 | Tomb:2   | Noticed Jannitor's illusion
 80108 | Tomb:2   | Noticed Jannitor's illusion
 80240 | Tomb:2   | XOM: give mutations
 80240 | Tomb:2   | Lost mutation: You possess an exceptional clarity of mind. [Xom's mischief]
 80240 | Tomb:2   | Lost mutation: You are partially covered in yellow scales. (AC +2) [Xom's mischief]
 80436 | Tomb:2   | Reached skill level 18 in Shields
 80511 | Tomb:2   | Noticed Jannitor's illusion
 80515 | Tomb:2   | Killed Mara
 81200 | Lair:5   | XOM: summons 14 hostile demons
 81251 | Lair:6   | XOM: give mutations
 81251 | Lair:6   | Gained mutation: You have claws for feet. [Xom's grace]
 81251 | Lair:6   | Gained mutation: You are highly resistant to hostile enchantments. (MR++) [Xom's grace]
 81560 | Lair:6   | XOM: medium Tmut miscast
 81560 | Lair:6   | Was forgiven by Xom
 82660 | Tomb:1   | Noticed a greater mummy
 82660 | Tomb:1   | Noticed a greater mummy
 82660 | Tomb:1   | Noticed a greater mummy
 82661 | Tomb:1   | Noticed a greater mummy
 82667 | Tomb:1   | Noticed a greater mummy
 82669 | Tomb:1   | Noticed a greater mummy
 82672 | Tomb:1   | Noticed a greater mummy
 82674 | Tomb:1   | Noticed a greater mummy
 82674 | Tomb:1   | Noticed a greater mummy
 82675 | Tomb:1   | Noticed a greater mummy
 82682 | Tomb:1   | Killed a greater mummy
 82685 | Tomb:1   | Killed a greater mummy
 82685 | Tomb:1   | Reached XP level 25. HP: 75/201 MP: 11/33
 83362 | Slime:3  | Gained mutation: You are dopey. (Int -2) [a shining eye]
 83373 | Slime:2  | Lost mutation: Your body sometimes deteriorates upon taking damage. [a shining eye]
 83374 | Slime:2  | Gained mutation: You are weak. (Str -2) [a shining eye]
 84444 | Tomb:1   | Noticed a greater mummy
 84463 | Tomb:1   | Killed a greater mummy
 84463 | Tomb:1   | Reached skill level 19 in Shields
 84486 | Tomb:1   | Killed a greater mummy
 85172 | Slime:4  | Paralysed by a floating eye for 3 turns
 85203 | Slime:3  | Learned a level 1 spell: Summon Butterflies
 85312 | Slime:5  | Entered Level 5 of the Pits of Slime
 86378 | Vaults:5 | Reached skill level 20 in Shields
 86609 | Vaults:5 | Got a silver rune of Zot
 86784 | Vaults:5 | Noticed an ancient lich
 86800 | Vaults:5 | Killed an ancient lich
 87166 | Tomb:1   | Learned a level 2 spell: Blink
 87375 | Tomb:1   | Killed a greater mummy
 87375 | Tomb:1   | Reached skill level 21 in Shields
 87386 | Tomb:1   | Killed a greater mummy
 87395 | Tomb:1   | Killed a greater mummy
 87622 | Tomb:1   | Noticed a greater mummy
 87758 | Tomb:1   | Killed a greater mummy
 87881 | Tomb:1   | Killed a greater mummy
 87886 | Tomb:1   | Killed a greater mummy
 87939 | Tomb:1   | Noticed a greater mummy
 87942 | Tomb:1   | Noticed a greater mummy
 87968 | Tomb:1   | Killed a greater mummy
 87976 | Tomb:1   | Killed a greater mummy
 87976 | Tomb:1   | Reached XP level 26. HP: 127/208 MP: 16/33
 87990 | Tomb:1   | Killed a greater mummy
 88439 | Tomb:1   | Upgraded the game from 0.22.0-5-gf09313c8f9 to 0.22.0-6-g71bd7aa6b3
 89406 | Slime:5  | Found a viscous altar of Jiyva.
 89406 | Slime:5  | Noticed the Royal Jelly
 89419 | Slime:5  | Reached skill level 22 in Shields
 91003 | Slime:5  | Noticed a juggernaut shaped Royal Jelly
 91003 | Slime:5  | the Royal Jelly changed into a juggernaut shaped Royal Jelly
 91554 | Vaults:5 | Got a flickering copper ring
 91688 | Vaults:5 | Found the +2 cloak of the Thief {+Fog Slay-2 SInv Stlth+}
 91902 | Vaults:5 | Lost mutation: You are partially covered in iridescent scales. (AC +2) [a shining eye]
 92174 | Vaults:5 | Identified the ring "Yhed" {rElec EV+3 Slay+2 SInv} (You took it off an ironbrand convoker on level 5 of the Vaults)
 92177 | Vaults:5 | Identified the ring of Maateuco {-Tele rPois rF+ Int+4 Dex+4} (You took it off a deep elf annihilator on level 5 of the Vaults)
 96619 | Tomb:1   | Killed a greater mummy
 96644 | Tomb:1   | Killed a greater mummy
 96644 | Tomb:1   | Reached skill level 23 in Shields
 96661 | Tomb:1   | Killed a greater mummy
 96679 | Tomb:1   | Killed a greater mummy
 96786 | Tomb:1   | Killed a greater mummy
 96909 | Tomb:1   | Killed a greater mummy
 97017 | Tomb:3   | Entered Level 3 of the Tomb of the Ancients
 97050 | Tomb:3   | Noticed a greater mummy
 97056 | Tomb:3   | Noticed an ancient lich
 97064 | Tomb:3   | Noticed a greater mummy
 97076 | Tomb:3   | Noticed a greater mummy
 97079 | Tomb:3   | Killed an ancient lich
 97091 | Tomb:3   | Reached skill level 1 in Invocations
 97099 | Tomb:3   | Killed a greater mummy
 97114 | Tomb:3   | Noticed a greater mummy
 97153 | Tomb:3   | Killed a greater mummy
 97153 | Tomb:3   | Reached skill level 5 in Invocations
 97175 | Tomb:3   | Killed a greater mummy
 97193 | Tomb:3   | HP: 6/208 [ushabti/dispel undead (5)]
 97197 | Tomb:3   | HP: 2/208 [mummy priest/divine providence (4)]
 97200 | Tomb:3   | Slain by a flying skull

Skill      XL: |  1  2  3  4  5  6  7  8  9 10 11 12 13 14 15 16 17 18 19 20 21 22 23 24 25 26 |
---------------+-------------------------------------------------------------------------------+-----
Fighting       | 3 4 5 6 8 9 10 11 12 13 14 15 16 17 | 17.1
Dodging        | 3 4 5 6 7 9 10 11 12 13 14 15 16 17 18 19 | 19.7
Long Blades    | 4 5 6 7 9 10 11 12 13 14 15 16 17 18 | 18.4
Armour         | 1 3 6 7 8 9 10 12 13 14 15 16 | 16.7
Evocations     | 2 4 6 7 8 9 10 11 12 13 | 13.8
Stealth        | 10 | 10.8
Shields        | 8 14 18 21 23 | 23.6
Invocations    | 6 |  6.3

Action                   |  1- 3 |  4- 6 |  7- 9 | 10-12 | 13-15 | 16-18 | 19-21 | 22-24 | 25-27 || total
-------------------------+-------+-------+-------+-------+-------+-------+-------+-------+-------++-------
Melee: Falchion          |   111 |    20 |       |       |       |       |       |       |       ||   131
       Bite              |    14 |    22 |    19 |    73 |   176 |   259 |   335 |   442 |   264 ||  1604
       Long sword        |       |   265 |   320 |   163 |       |       |       |       |       ||   748
       Great sword       |       |       |       |   385 |  1212 |  1536 |  1790 |   344 |       ||  5267
       Headbutt          |       |       |       |    92 |   167 |   339 |       |       |       ||   598
       Scimitar          |       |       |       |       |    22 |    70 |       |       |       ||    92
       Double sword      |       |       |       |       |       |       |       |  2122 |  1321 ||  3443
       Kick              |       |       |       |       |       |       |       |   365 |   703 ||  1068
Throw: Throwing net      |       |       |       |       |     1 |       |       |       |       ||     1
 Cast: Blink             |       |       |       |       |       |       |       |       |     3 ||     3
       Summon Butterflie |       |       |       |       |       |       |       |       |     2 ||     2
Invok: Greater Servant o |       |       |       |       |       |       |       |       |     1 ||     1
 Abil: End Transformatio |       |       |       |       |     2 |       |       |     1 |     1 ||     4
       Bat Form          |       |       |       |       |     2 |       |       |     1 |     1 ||     4
       Evoke Fog         |       |       |       |       |       |       |       |       |    17 ||    17
       Evoke Blink       |       |       |       |       |       |       |       |       |     1 ||     1
Evoke: Wand              |       |     4 |     6 |    20 |    34 |    36 |    16 |    58 |    32 ||   206
       Lightning rod     |       |       |       |     1 |       |     7 |       |       |       ||     8
       Lamp of fire      |       |       |       |       |       |       |     5 |     9 |    10 ||    24
       Fan of gales      |       |       |       |       |       |       |     1 |     1 |       ||     2
       Phial of floods   |       |       |       |       |       |       |       |     4 |     1 ||     5
       Box of beasts     |       |       |       |       |       |       |       |     2 |     2 ||     4
       Sack of spiders   |       |       |       |       |       |       |       |       |     4 ||     4
  Use: Potion            |       |    16 |    21 |    47 |    55 |    74 |    73 |    57 |    21 ||   364
       Scroll            |       |     7 |     6 |    17 |     9 |    20 |    19 |    38 |    17 ||   133
 Stab: Confused          |     2 |       |       |       |       |     2 |     7 |     2 |     3 ||    16
       Paralysed         |       |       |       |    12 |    24 |     5 |     2 |       |       ||    43
       Distracted        |       |       |       |     1 |     1 |       |    10 |    19 |    14 ||    45
       Invisible         |       |       |       |       |    16 |     5 |       |    12 |     4 ||    37
       Petrified         |       |       |       |       |     3 |     6 |       |       |       ||     9
       Sleeping          |       |       |       |       |       |     7 |    14 |    13 |     2 ||    36
Armor: Leather armour    |    46 |   111 |     3 |       |       |       |       |       |       ||   160
       Skin              |       |    59 |       |       |       |       |       |       |       ||    59
       Ring mail         |       |       |   155 |   122 |    58 |       |       |       |       ||   335
       Acid dragon scale |       |       |       |       |    57 |       |       |       |       ||    57
       Plate armour      |       |       |       |       |   527 |   252 |       |       |       ||   779
       Pearl dragon scal |       |       |       |       |       |   668 |   814 |   875 |   349 ||  2706
Dodge: Dodged            |    84 |   209 |   258 |   477 |  1088 |  1371 |  1590 |  1419 |   683 ||  7179
Block: Other             |       |       |       |    77 |   239 |    47 |       |       |       ||   363
       Large shield      |       |       |       |       |       |       |       |  2210 |  1641 ||  3851
       Reflection        |       |       |       |       |       |       |       |    22 |    25 ||    47
       Rpst.: Falchion   |    23 |     5 |       |       |       |       |       |       |       ||    28
       Long sword        |       |    63 |    67 |    23 |       |       |       |       |       ||   153
       Great sword       |       |       |       |   110 |   246 |   270 |   344 |    71 |       ||  1041
       Scimitar          |       |       |       |       |     3 |    10 |       |       |       ||    13
       Double sword      |       |       |       |       |       |       |       |   221 |   131 ||   352
